 Dungeon Crawl Stone Soup version 0.31-a0-965-g8a8ce12e04 (webtiles) character file.

Game seed: 6308597986886385118

1022955 Xavori the Impregnable (level 27, -3/255 (271) HPs)
             Began as a Djinni Chaos Knight on Oct 26, 2023.
             Was a Favourite Plaything of Xom.
             Killed from afar by a salamander tyrant (9 damage)
             ... on level 1 of Gehenna.
             The game lasted 02:35:57 (73828 turns).

Xavori the Impregnable (Djinni Chaos Knight)       Turns: 73828, Time: 02:35:58

HP:   -3/255 (271)  AC: 44    Str: 17 (18) XL:     27
Gold: 10249         EV: 25    Int: 12 (16) God:    Xom [*.....] SH: 34 Dex: 33

rFire   + + +        j - +9 double sword (flame)
rCold   + + +        Y - +8 tower shield {rC+}
rNeg    + + +        b - +13 chain mail of the Five Xenophobes {rC+ Int-5 Dex+2}
rPois   ∞            o - +1 helmet of the Byakko {Regen+ rCorr Str+4}
rElec   +            A - +2 cloak {rPois}
rCorr   +            F - +2 pair of gloves of the Chimera {rElec rF+ Slay+3}
SInv    +            (boots unavailable)
Will    +++++        z - amulet of Niallexa {Fragile rElec rN++ Regen+ Int+3}
Stlth   +            W - ring of Davveu {rC+ Str+3 Dex+6}
HPRegen 2.22/turn    O - +8 ring of slaying
MPRegen 0.00/turn

%: infuse magic (-4 HP)
@: death-form, weakened, flying, studying 3 skills, drained, unable to read
A: vile attack, torment immunity, no potions, flying, sickness immunity, fire
resistance 2, cold vulnerability 1, float, innate caster, HP casting, extra
vitality 1, iridescent scales 2, thin skeletal structure 1, see invisible,
strong-willed 2, passive freeze, robust 3, wild magic 3, noise suppression
}: 12/15 runes: decaying, slimy, silver, icy, bone, abyssal, demonic, glowing,
magical, fiery, dark, gossamer
a: Siphon Essence, Begin Untransformation, Renounce Religion


You were on level 1 of Gehenna.
You worshipped Xom.
You were a special plaything of Xom.
You were an undying horror.
You visited 15 branches of the dungeon, and saw 70 of its levels.
You visited Pandemonium 2 times, and saw 11 of its levels.
You visited the Abyss 2 times.
You visited 1 bazaar.
You also visited: Trove, Sewer, Gauntlet and Desolation.

You collected 17246 gold pieces.
You spent 6997 gold pieces at shops.

Inventory:

Hand Weapons
 i - a +9 heavy double sword
 j - a +9 double sword of flaming (weapon)
 C - a +0 double sword of freezing
Missiles
 T - 2 throwing nets
Armour
 b - the +13 chain mail of the Five Xenophobes (worn) {rC+ Int-5 Dex+2}
   (You found it on level 3 of the Elven Halls)

   Int-5:     It affects your intelligence (-5).
   Dex+2:     It affects your dexterity (+2).
   rC+:       It protects you from cold.
 o - the +1 helmet of the Byakko (worn) {Regen+ rCorr Str+4}
   (You found it on level 4 of the Vaults)

   Str+4:     It affects your strength (+4).
   Regen+:    It increases your rate of health regeneration.
   rCorr:     It protects you from acid and corrosion.
 p - +0 gold dragon scales
 A - a +2 cloak of poison resistance (worn)
 F - the +2 pair of gloves of the Chimera (worn) {rElec rF+ Slay+3}
   (Xom gifted it to you on level 9 of the Dungeon)

   Slay+3:    It affects your accuracy & damage with ranged weapons and melee
   (+3).
   rF+:       It protects you from fire.
   rElec:     It insulates you from electricity.
 Y - a +8 tower shield of cold resistance (worn)
Jewellery
 n - the amulet "Luown" {Reflect Rampage Str+7 SH+5}
   (You found it in Pandemonium)

   [amulet of reflection]

   Reflect:   It reflects blocked missile attacks.
   Str+7:     It affects your strength (+7).
   SH+5:      It affects your SH (+5).
   Rampage:   It bestows one free step when moving towards enemies.
 x - the ring "Ducweih" {rC+ Will+ Str+4 Slay+3}
   (You found it in Pandemonium)

   [ring of willpower]

   Str+4:     It affects your strength (+4).
   Slay+3:    It affects your accuracy & damage with ranged weapons and melee
   (+3).
   rC+:       It protects you from cold.
   Will+:     It increases your willpower.
 z - the amulet of Niallexa (around neck) {Fragile rElec rN++ Regen+ Int+3}
   (You found it on level 5 of the Pits of Slime)

   [amulet of regeneration]

   Int+3:     It affects your intelligence (+3).
   rElec:     It insulates you from electricity.
   rN++:      It greatly protects you from negative energy.
   Regen+:    It increases your rate of health regeneration.
   Fragile:   It will be destroyed if unequipped.
 E - the amulet "Toigeuduru" {rC+ rN+ Regen+}
   (You took it off a deep elf annihilator on level 3 of the Elven Halls)

   [amulet of regeneration]

   rC+:       It protects you from cold.
   rN+:       It protects you from negative energy.
   Regen+:    It increases your rate of health regeneration.
 O - a +8 ring of slaying (right hand)
 W - the ring of Davveu (left hand) {rC+ Str+3 Dex+6}
   (You found it in a treasure trove)

   [ring of dexterity]

   Str+3:     It affects your strength (+3).
   Dex+6:     It affects your dexterity (+6).
   rC+:       It protects you from cold.
 Z - the ring of the Falcon {rN+ Will++ Int+2}
   (You found it on level 3 of the Crypt)

   [ring of positive energy]

   Int+2:     It affects your intelligence (+2).
   rN+:       It protects you from negative energy.
   Will++:    It greatly increases your willpower.
Talismans
 S - a talisman of death (active)
 X - a granite talisman
Wands
 e - a wand of mindburst (78)
 y - a wand of paralysis (70)
 B - a wand of light (47)
 H - a wand of iceblast (76)
 I - a wand of digging (37)
 P - a wand of polymorph (37)
Scrolls
 a - 3 scrolls of immolation
 c - 6 scrolls of butterflies
 d - a scroll of silence
 f - 16 scrolls of fear
 h - 27 scrolls of teleportation
 q - 8 scrolls of revelation
 w - 11 scrolls of enchant armour
 J - 11 scrolls of fog
 L - 9 scrolls of blinking
 Q - 3 scrolls of poison
Potions
 g - a potion of berserk rage
 k - 7 potions of haste
 l - 6 potions of brilliance
 m - 11 potions of ambrosia
 r - 6 potions of resistance
 s - 20 potions of heal wounds
 t - 3 potions of magic
 u - 11 potions of mutation
 v - 24 potions of curing
 D - 5 potions of might
 G - 7 potions of cancellation
 M - 10 potions of attraction
 U - 5 potions of invisibility
 V - 14 potions of enlightenment
Miscellaneous
 K - a phial of floods
 N - a phantom mirror
 R - a tin of tremorstones (2/2)


   Skills:
 + Level 21.0 Fighting
 + Level 22.1 Long Blades
 * Level 23.5 Armour
 - Level 19.2 Dodging
 + Level 19.4 Shields
 * Level 19.3 Spellcasting
 * Level 19.3 Conjurations
 * Level 19.3 Hexes
 * Level 19.3 Summonings
 * Level 19.3 Necromancy
 * Level 19.3 Translocations
 * Level 19.3 Transmutations
 * Level 19.3 Fire Magic
 * Level 19.3 Ice Magic
 * Level 23.2 Air Magic
 * Level 19.3 Earth Magic
 * Level 21.4 Poison Magic
 - Level 6.8 Evocations
 - Level 23.1 Shapeshifting


You knew the following spells:

 Your Spells              Type           Power      Damage    Failure   Level
a - Sandblast             Erth           100%       2d20      1%          1
b - Ensorcelled Hibernat  Hex/Ice        100%       N/A       1%          2
c - Passwall              Tmut/Erth      70%        N/A       1%          2
d - Ozocubu's Armour      Ice            84%        N/A       1%          3
e - Irradiate             Conj/Tmut      42%        3d25      3%          5
f - Metabolic Englaciati  Hex/Ice        42%        N/A       3%          5
g - Dispersal             Tloc           42%        N/A       10%         6
h - Enfeeble              Hex            42%        N/A       28%         7
i - Ozocubu's Refrigerat  Ice            42%        4d16      28%         7
j - Malign Gateway        Summ/Tloc      42%        N/A       28%         7
k - Haunt                 Necr/Summ      42%        N/A       28%         7
l - Chain Lightning       Conj/Air       43%        3d58      100%        9
m - Dragon's Call         Summ           42%        N/A       100%        9
Your spell library was empty.


Dungeon Overview and Level Annotations

Branches:
Dungeon (15/15)            Temple (0/1) D:4            Lair (5/5) D:9
  Swamp (4/4) Lair:2       Spider (4/4) Lair:3        Slime (5/5) Lair:5
    Orc (2/2) D:12            Elf (3/3) Orc:2        Vaults (5/5) D:13
  Crypt (3/3) Vaults:2       Tomb (0/3) Crypt:3      Depths (4/4) D:15
   Hell (visited)             Dis (0/7) Hell            Geh (1/7) Hell
    Coc (7/7) Hell            Tar (7/7) Hell            Zot (4/5) Depths:4
  Sewer (visited)         Desolation (visited)      Gauntlet (visited)

Altars:
Dithmenos
Fedhas
Okawaru
Uskayaw
Wu Jian
Xom
Jiyva

Shops:
D:3 (   D:5 [=   D:8 (*   Orc:2 *=[[[:   Elf:1 [   Elf:3 =   Vaults:2 **?
Vaults:5 ?   Depths:1 !?((

Portals:
Hell: Depths:1 Depths:2 Depths:3 Depths:4
Abyss: Depths:1 Depths:2 Depths:3 Depths:4
Pandemonium: Depths:2 Depths:4
Ziggurat: Depths:3

Annotations:
Abyss:1 Lom Lobon


Innate Abilities, Weirdness & Mutations

You are an undying horror.
Your melee and unarmed attacks drain, slow and weaken victims.
You are immune to unholy pain and torment.
You cannot drink.
You are flying.
You are immune to sickness and miasma.
You are immune to poison.
Your flesh is very heat resistant. (rF++)
You are vulnerable to cold. (rC-)
You float through the air rather than walking.
You learn spells naturally, not from books.
Your magical power is your life essence.
You have superior vitality. (+4 MHP)
You are mostly covered in iridescent scales. (AC +4)
You have a somewhat thin skeletal structure. (Dex +2, Stealth+)
You have supernaturally acute eyesight. (SInv)
You are highly strong-willed. (Will++)
A frigid envelope surrounds you and freezes all who hurt you.
You are extremely robust. (+30% HP)
Your spells are much harder to cast, but much more powerful.
You passively dampen the noise of your surroundings.


Message History

Unknown command.
You slice the hellion!! You burn the hellion.
You kill the hellion!
You block the hell hog's attack. The hell hog breathes fire at you.
The fireball explodes!
The fireball engulfs the searing wretch.
The searing wretch completely resists.
The fireball engulfs the hell hog.
The hell hog completely resists.
The fireball engulfs the hell hog.
The hell hog completely resists.
The fireball engulfs the hell hog.
The hell hog completely resists.
The fireball engulfs the hell hog.
The hell hog completely resists.
The fireball engulfs you but does no damage.
You resist.
The fireball engulfs the salamander tyrant.
The salamander tyrant completely resists.
You block the searing wretch's attack.
The searing wretch claws you but does no damage.
The searing wretch resists.
The searing wretch is very cold.
The searing wretch is lightly damaged.
The searing wretch closely misses you.
You block the salamander tyrant's attack.
The hell hog completely misses you.
Unknown command.
The hell hog breathes fire at you.
The fireball explodes!
The fireball engulfs the salamander tyrant.
The salamander tyrant completely resists.
The fireball engulfs the hell hog.
The hell hog completely resists.
The fireball engulfs the searing wretch.
The searing wretch completely resists.
The fireball engulfs the hell hog.
The hell hog completely resists.
The fireball engulfs you. You resist.
* * * LOW HITPOINT WARNING * * *
The salamander tyrant barely misses you.
Items here: ) †††.
Unknown command.
The salamander tyrant rends the earth beneath you!
The blast of magma engulfs you! You partially resist.
You die...
Xom howls with laughter!

.........##
....≈.....#
≈..≈......#
....._..#
...h..#
###h.hh#
##.##nNh#
##...##≈.#
+.....z≈.#
##∩..##≈.#
##.##...#
#+#...##
.....
.....#
.>.....
........


You could see a salamander tyrant and 3 hell hogs.

Vanquished Creatures
  Cerebov (Pan)
  Antaeus (Coc:7)
  the Royal Jelly (Slime:5)
  Ereshkigal (Tar:7)
  Gloorx Vloq (Pan)
  Ignacio (Pan)
  A seraph (Pan)
  Mnoleg (Pan)
  A dread lich (Crypt:3)
  An orb of fire (Zot:2)
  5 ancient liches
  3 juggernauts
  Boris (Vaults:3)
  4 pandemonium lords (Pan)
  Sojobo (Vaults:3)
  Frederick (Depths:4)
  8 shard shrikes
  Margery (Depths:3)
  2 curse toes
  A Killer Klown (Zot:2)
  Saint Roka (Vaults:1)
  Geryon (Hell)
  7 golden dragons
  5 profane servitors
  Norris (Depths:1)
  20 Tzitzimimeh
  Nikola (Swamp:2)
  25 bone dragons
  Arachne (Spider:3)
  2 spectral shard shrikes (Tar:5)
  19 doom hounds
  A shard shrike zombie (Hell)
  2 electric golems
  5 Brimstone Fiends
  21 tentacled monstrosities
  2 hellephants
  A searing wretch (Geh:1)
  Asterion (Spider:1)
  14 Ice Fiends
  Rupert (Lair:3)
  2 walking divine tomes (Depths:3)
  A walking crystal tome (Depths:3)
  7 liches
  The ghost of Wiladeyst the Brawler, an adept TrSh of Ru (Swamp:1)
  3 quicksilver dragons
  2 deep elf master archers (Elf:3)
  A walking frostbound tome (Depths:3)
  22 tainted leviathans
  17 titans
  3 deep elf blademasters
  5 death cobs
  A tentacled starspawn (Abyss:4)
  8 sphinxes
  14 acid blobs
  Frances (D:14)
  An ancient champion (Crypt:1)
  Gastronok (Lair:1)
  An eldritch tentacle (Pan)
  16 Executioners (Pan)
  5 shadow dragons
  The ghost of Sugyll the Devastator, an adept TeAE of Hepliaklqana (Elf:2)
  Roxanne (Spider:1)
  4 draconian monks
  11 tengu reavers
  Aizul (Spider:3)
  11 storm dragons
  15 azure jellies
  2 demonspawn warmongers (Pan)
  18 narguns
  8 fire giants
  2 daevas (Pan)
  6 draconian knights
  15 frost giants
  2 emperor scorpions (Spider:1)
  10 rockslimes
  3 ghost moths
  An iron dragon (Depths:3)
  20 balrugs
  18 vault wardens
  7 draconian shifters
  A spectral juggernaut (Tar:4)
  3 imperial myrmidons (Desolation)
  2 orc warlords
  6 deep elf sorcerers
  5 curse skulls
  7 deep elf elementalists
  A draconian stormcaller (Zot:1)
  Louise (Depths:2)
  A juggernaut zombie (Hell)
  6 angels (Pan)
  3 draconian scorchers
  2 spectral caustic shrikes
  23 very ugly things
  10 reapers
  8 shard shrike simulacra
  8 draconian annihilators
  13 stone giants
  17 cacodemons
  7 ghouls
  A spriggan defender (Depths:3)
  13 quicksilver oozes
  2 demonspawn blood saints (Pan)
  4 demonspawn corrupters (Pan)
  16 ironbound preservers
  3 caustic shrike skeletons
  4 war gargoyles (Crypt:3)
  5 ophanim (Pan)
  6 ironbound thunderhulks (Vaults:4)
  9 vampire knights
  25 elemental wellsprings
  3 formless jellyfish
  11 green draconians
  4 broodmothers (Spider:4)
  19 putrid mouths
  10 black draconians
  13 deep elf annihilators
  7 dire elephants
  3 demonspawn black suns (Pan)
  8 deep elf demonologists
  24 wendigos
  2 eleionomae (Swamp:1)
  A minotaur (Gauntlet)
  13 white draconians
  6 spark wasps
  Nessos (D:13)
  2 apis (Pan)
  6 bunyips
  8 red draconians
  8 lorocyprocas (Pan)
  3 halazid warlocks (Desolation)
  8 purple draconians
  3 iron golems (Hell)
  11 yellow draconians
  Snorg (Lair:3)
  5 green deaths (Pan)
  A fire dragon (shapeshifter) (Vaults:4)
  17 blizzard demons
  5 crystal guardians
  19 eidola
  3 spectral quicksilver dragons
  9 deep elf death magi
  6 jiangshi
  A ragged hierophant (Desolation)
  A merfolk javelineer (Depths:1)
  18 ettins
  11 deep elf high priests
  A merfolk impaler (Depths:1)
  8 entropy weavers
  22 yaktaur captains
  9 fire dragons
  A great orb of eyes (shapeshifter) (Vaults:4)
  A quicksilver dragon zombie (Crypt:3)
  Josephine (Lair:3)
  7 servants of whispers (Desolation)
  9 ice dragons
  A spriggan zombie (Crypt:2)
  9 great orbs of eyes
  11 rakshasas
  10 caustic shrike simulacra
  34 vault guards
  23 hydras
  3 ghost crabs
  5 hell beasts
  9 ironbound frosthearts
  Fannar (D:10)
  10 spriggan air magi
  8 juggernaut simulacra
  3 peacekeepers (Desolation)
  A spriggan skeleton (Crypt:3)
  A death knight (Crypt:1)
  8 alligators
  2 ogre magi (Vaults:5)
  5 jorogumos
  4 radroaches
  5 boulder beetles
  An anaconda (D:12)
  6 centaur warriors
  A death scarab (Gauntlet)
  A two-headed ogre (shapeshifter) (Vaults:5)
  An azure jelly zombie (Crypt:1)
  13 deep troll shamans
  11 deep troll earth magi
  21 demonic crawlers
  A spectral stone giant (Tar:2)
  A titan zombie (Crypt:3)
  4 death yaks
  5 vampire magi
  14 hell hogs
  5 spriggan berserkers
  4 tengu warriors
  Urug (Lair:3)
  16 soul eaters
  40 dancing weapons
  27 large abominations
  6 orc high priests
  4 spectral dire elephants
  3 thrashing horrors (Abyss:4)
  27 deep elf knights
  29 hell knights
  2 spectral nagas
  Sonja (Lair:2)
  3 occultists
  55 sun demons
  22 sixfirhies
  5 spriggans
  8 pharaoh ants
  5 wretched stars (Abyss:4)
  A crystal echidna (Hell)
  A storm dragon zombie (Crypt:1)
  12 iron trolls
  2 fire crabs
  A spectral death yak (Gauntlet)
  A storm dragon skeleton (Crypt:3)
  23 shadow wraiths
  4 skysharks
  25 skeletal warriors
  2 titan skeletons
  A golden dragon zombie (Crypt:3)
  A spatial maelstrom (Abyss:4)
  A bunyip zombie (Hell)
  4 quicksilver dragon simulacra
  A spectral anaconda (Tar:5)
  6 goliath frogs
  A spectral hydra (Tar:3)
  An anaconda zombie (Crypt:3)
  5 shadow demons (Pan)
  63 deep trolls
  10 orc knights
  12 cherubim (Pan)
  3 kraken simulacra (Coc:7)
  5 spriggan simulacra
  A sea snake (shapeshifter) (Vaults:4)
  4 glowing orange brains
  9 flayed ghosts
  6 swamp dragons (Swamp:4)
  A spectral iron dragon (Tar:6)
  4 lindwurms
  A spriggan rider (Depths:3)
  14 orb spiders
  9 steelbarb worms
  A shadow dragon zombie (Crypt:1)
  2 bunyip skeletons
  9 harpies (Vaults:1)
  11 deep elf archers
  7 arcanists
  A lindwurm (shapeshifter) (Vaults:5)
  37 deep elf zephyrmancers
  10 phantasmal warriors
  23 necromancers
  An alligator zombie (Crypt:2)
  An anaconda skeleton (Crypt:3)
  27 ironbound convokers
  3 cyclopes
  38 deep elf pyromancers
  A shining eye (shapeshifter) (Lair:1)
  A manticore (shapeshifter) (Depths:2)
  4 shining eyes
  25 moths of wrath
  4 manticores
  20 wolf spiders
  A cyclops (shapeshifter) (Vaults:5)
  2 spectral ettins
  9 orc sorcerers
  A salamander (D:15)
  29 ugly things
  An iron dragon skeleton (Pan)
  A faun (shapeshifter) (Vaults:4)
  2 will-o-the-wisps (Swamp:4)
  3 spectral centaurs
  A stone giant skeleton (Vaults:2)
  16 elephants
  3 centaur zombies
  8 black mambas
  25 smoke demons
  2 ice statues (Coc:7)
  4 titan simulacra
  4 torpor snails
  A dire elephant zombie (Crypt:2)
  12 vault sentinels
  A water nymph (D:15)
  A human skeleton (Vaults:2)
  6 guardian serpents
  16 orange demons
  10 cane toads
  An eye of devastation (Slime:5)
  A gargoyle (D:14)
  2 centaur skeletons
  2 unseen horrors
  A catoblepas zombie (Crypt:1)
  Psyche (D:12)
  11 hellions
  12 freezing wraiths
  3 rime drakes
  15 tormentors
  2 komodo dragons (shapeshifter)
  A purple draconian zombie (Crypt:2)
  3 anaconda simulacra
  10 efreet (Pan)
  24 komodo dragons
  An ice devil (Hell)
  41 yaktaurs
  2 golden dragon simulacra
  2 naga skeletons
  4 red devils (Pan)
  A catoblepas skeleton (Crypt:2)
  2 silent spectres
  A tengu conjurer (Depths:2)
  A polar bear (shapeshifter) (Vaults:5)
  3 bunyip simulacra
  An ancient zyme (Abyss:4)
  3 iron giant simulacra (Coc:7)
  3 trolls
  13 wind drakes (Pan)
  A harpy zombie (Crypt:1)
  2 spectral harpies (Tar:1)
  A hydra zombie (Hell)
  A polar bear (Lair:5)
  5 hornets
  2 meliai (Spider:4)
  A queen bee (Gauntlet)
  8 hellwings (Pan)
  38 saltlings (Desolation)
  2 shadow dragon simulacra (Coc:1)
  8 tyrant leeches
  A hydra skeleton (Pan)
  A harpy skeleton (Crypt:3)
  23 tarantellas
  5 raiju (Abyss:4)
  A dream sheep (Elf:1)
  A dream sheep (shapeshifter) (Depths:2)
  6 glass eyes
  A satyr zombie (Crypt:1)
  A spectral black mamba (Tar:1)
  34 slime creatures
  30 jumping spiders
  3 stone giant simulacra
  A deep troll skeleton (Vaults:2)
  34 flying skulls (Crypt:3)
  An ice dragon skeleton (Crypt:1)
  2 iron dragon simulacra
  2 centaur simulacra (Gauntlet)
  20 culicivoras
  A culicivora (shapeshifter) (D:15)
  An ettin skeleton (Crypt:2)
  3 shadows
  6 air elementals
  4 naga simulacra
  11 ynoxinuls (Pan)
  47 yaks
  10 water elementals
  3 dire elephant simulacra
  4 basilisks
  8 humans (D:13)
  9 wraiths
  4 wyverns
  3 fire elementals
  2 fire bats
  19 neqoxecs (Pan)
  7 golden eyes
  2 yaks (shapeshifter)
  4 steam dragons
  2 hogs (Spider:3)
  6 starcursed masses (Abyss:4)
  2 basilisks (shapeshifter)
  3 alligator snapping turtle simulacra
  11 chaos spawn
  67 redbacks
  8 vampire mosquitoes
  3 wargs
  15 water moccasins
  10 harpy simulacra
  A warg (shapeshifter) (Vaults:4)
  16 swamp worms
  3 hydra simulacra
  2 acid dragons
  5 hell hounds
  A two-headed ogre skeleton (Crypt:3)
  A hornet zombie (Crypt:1)
  An ice beast (D:7)
  4 black bears
  24 orc warriors
  8 swamp drakes
  A manticore zombie (Crypt:2)
  An elf simulacrum (Vaults:2)
  3 ettin simulacra
  A blink frog zombie (Crypt:2)
  5 centaurs
  11 ogres
  22 wolves
  2 phantoms
  A yaktaur zombie (Crypt:1)
  6 kobold brigands
  4 earth elementals
  12 bullfrogs
  8 scorpions
  9 necrophages
  A hornet simulacrum (Gauntlet)
  3 small abominations (Abyss:4)
  3 wights (D:10)
  A warg skeleton (Crypt:2)
  7 killer bees
  A troll skeleton (Crypt:2)
  5 electric eels
  4 howler monkeys
  8 crimson imps (Pan)
  5 hounds
  11 jellies
  20 orc priests
  A sleepcap (D:5)
  26 orc wizards
  An iguana (D:7)
  7 gnolls
  11 adders
  3 shadow imps
  2 white imps
  4 ufetubi
  An iguana zombie (Crypt:2)
  7 worms
  3 dart slugs
  65 orcs
  7 bats
  26 endoplasms
  5 giant cockroaches
  5 hobgoblins
  4 jackals (D:1)
  4 quokkas
  6 ball pythons
  A ball python zombie (Crypt:2)
  6 frilled lizards
  7 goblins
  2 goblin zombies
  23 kobolds
  15 rats
  A rat zombie (Crypt:1)
  2 tentacles (Coc:7)
3238 creatures vanquished.

Vanquished Creatures (collateral kills)
  A titan (Coc:5)
  A very ugly thing (Depths:1)
  2 wendigos
  A green death (Pan)
  A two-headed ogre (D:9)
  A deep troll shaman (Depths:1)
  A hell knight (Crypt:3)
  A skyshark (Depths:1)
  A deep troll (Vaults:3)
  A spriggan simulacrum (Coc:7)
  A deep elf zephyrmancer (Elf:1)
  An elephant (Lair:1)
  A vault sentinel (Vaults:1)
  2 yaktaurs (Vaults:4)
  A wind drake (Pan)
  A slime creature (Vaults:4)
  A yak (Lair:3)
  A redback (Spider:1)
  A neqoxec (Pan)
  An ogre (D:6)
  A shadow imp (D:6)
  A butterfly (Lair:4)
24 creatures vanquished.

Vanquished Creatures (others)
  A shard shrike (Coc:5)
  A tentacled monstrosity (Depths:3)
  3 eldritch tentacles (Pan)
  An azure jelly (Slime:5)
  A fire giant (Vaults:4)
  A shard shrike simulacrum (Coc:7)
  A quicksilver ooze (Slime:5)
  A draconian annihilator (Pan)
  A wendigo (Coc:7)
  2 juggernaut simulacra
  2 alligators (Swamp:4)
  5 caustic shrike simulacra
  2 dancing weapons
  2 occultists
  A hell knight (Depths:4)
  A kraken simulacrum (Coc:7)
  3 quicksilver dragon simulacra
  A deep elf zephyrmancer (Elf:1)
  5 spriggan simulacra
  An ugly thing (Depths:1)
  A wolf spider (Spider:3)
  A black mamba (shapeshifter) (Depths:3)
  A smoke demon (Pan)
  A hellion (Coc:3)
  2 bunyip simulacra
  3 tormentors
  An anaconda simulacrum (Coc:1)
  An iron giant simulacrum (Coc:7)
  2 bloated husks
  2 wind drakes (Pan)
  2 saltlings (Desolation)
  A tarantella (Spider:4)
  An iron dragon simulacrum (Coc:2)
  2 ynoxinuls (Pan)
  2 dire elephant simulacra
  A human (Spider:3)
  A redback (Spider:1)
  7 harpy simulacra
  A swamp worm (Swamp:2)
  A hydra simulacrum (Coc:7)
  An orc warrior (Vaults:1)
  A boggart (Swamp:4)
  2 ettin simulacra
  A scorpion (shapeshifter) (Vaults:5)
  An orc priest (Orc:2)
  3 orcs
  5 ball lightnings (Pan)
  2 foxfires (Swamp:4)
  2 starspawn tentacles (Abyss:4)
  14 tentacles (Coc:7)
102 creatures vanquished.

Grand Total: 3364 creatures vanquished

Notes
Turn   | Place    | Note
-------+----------+-------------------------------------------
     0 | D:1      | Xavori the Djinni Chaos Knight began the quest for the Orb.
     0 | D:1      | Reached XP level 1. HP: 20/20 MP: 0/0
    53 | D:1      | Reached XP level 2. HP: 5/25 MP: 0/0
   242 | D:1      | Reached XP level 3. HP: 28/30 MP: 0/0
   242 | D:1      | Learned a level 1 spell: Sandblast
   290 | D:1      | Found a faded altar of an unknown god.
   396 | D:1      | Reached skill level 1 in Spellcasting
   396 | D:1      | Reached skill level 1 in Conjurations
   396 | D:1      | Reached skill level 1 in Hexes
   396 | D:1      | Reached skill level 1 in Summonings
   396 | D:1      | Reached skill level 1 in Necromancy
   396 | D:1      | Reached skill level 1 in Translocations
   396 | D:1      | Reached skill level 1 in Transmutations
   396 | D:1      | Reached skill level 1 in Fire Magic
   396 | D:1      | Reached skill level 1 in Ice Magic
   396 | D:1      | Reached skill level 1 in Air Magic
   396 | D:1      | Reached skill level 1 in Earth Magic
   396 | D:1      | Reached skill level 1 in Poison Magic
   613 | D:2      | Reached XP level 4. HP: 35/35 MP: 0/0
   896 | D:1      | XOM: silly message
  1854 | D:1      | XOM is BORED!
  1897 | D:1      | XOM: summons 1 hostile shadow creature
  2202 | D:1      | XOM: summons 3 hostile demons
  3358 | D:1      | XOM: summons 2 hostile shadow creatures
  3587 | D:1      | XOM is BORED!
  4296 | D:1      | XOM: noise
  5057 | D:1      | XOM: silly message
  6990 | D:1      | XOM: stat loss: -1 Str (10/11)
  7578 | D:1      | XOM: give mutations
  7578 | D:1      | Gained mutation: Your muscles are strong. (Str +4, Int/Dex
                  | -1) [Xom's mischief]
  7578 | D:1      | Gained mutation: Your natural rate of healing is unusually
                  | fast. [Xom's mischief]
  7578 | D:1      | Gained mutation: Your muscles are very strong. (Str +8,
                  | Int/Dex -2) [Xom's mischief]
  7578 | D:1      | Lost mutation: Your muscles are very strong. (Str +8,
                  | Int/Dex -2) [Xom's mischief]
  7742 | D:2      | XOM: give mutations
  7742 | D:2      | Gained mutation: You expend health (3 HP) to strengthen
                  | your wands. [Xom's mischief]
  7742 | D:2      | Gained mutation: You are robust. (+10% HP) [Xom's mischief]
  7742 | D:2      | Gained mutation: You are covered in fur. (AC +1) [Xom's
                  | mischief]
  7742 | D:2      | Lost mutation: You are robust. (+10% HP) [Xom's mischief]
  8382 | D:3      | Found a glowing drain.
  8402 | D:3      | Reached XP level 5. HP: 40/40 MP: 0/0
  8402 | D:3      | Learned a level 2 spell: Ensorcelled Hibernation
  8404 | Sewer    | Entered a sewer
  8468 | Sewer    | Noticed a kobold brigand
  8468 | Sewer    | Noticed a kobold brigand
  8470 | Sewer    | XOM: scenery: summon butterflies
  8474 | Sewer    | XOM: confuse monster(s)
  8483 | Sewer    | XOM: chaos upgrade
  8491 | Sewer    | XOM: summons 2 friendly demons
  8500 | Sewer    | Killed a kobold brigand
  8504 | Sewer    | Killed a kobold brigand
  8505 | Sewer    | Reached XP level 6. HP: 17/47 MP: 0/0
  8797 | D:3      | Found Winuwile's Weapon Shop.
  8814 | D:3      | XOM: 1-stop teleportation journey
  9269 | D:4      | Reached XP level 7. HP: 48/52 MP: 0/0
  9269 | D:4      | Learned a level 2 spell: Passwall
  9415 | D:4      | Found a staircase to the Ecumenical Temple.
  9928 | D:5      | Entered Level 5 of the Dungeon
 10001 | D:5      | Noticed a water moccasin
 10075 | D:5      | XOM: divination: detect items
 10076 | D:5      | Noticed a water moccasin
 10101 | D:4      | Killed a water moccasin
 10102 | D:4      | Reached XP level 8. HP: 12/58 MP: 0/0
 10206 | D:4      | XOM: god gift: ring of protection from cold
 10339 | D:5      | Found Gytz's Armour Emporium.
 10523 | D:5      | Found Cehofer's One-of-a-Kind Rings.
 10680 | D:5      | Identified a scroll of acquirement
 10680 | D:5      | Acquired a +1 double sword of draining
 10705 | D:5      | XOM: god gift: wand of mindburst (5)
 10735 | D:5      | Reached skill level 5 in Fighting
 10855 | D:6      | Reached skill level 5 in Dodging
 10924 | D:6      | XOM: fog
 10929 | D:6      | Reached skill level 5 in Long Blades
 11000 | D:6      | Reached XP level 9. HP: 59/65 MP: 0/0
 11000 | D:6      | Learned a level 3 spell: Ozocubu's Armour
 11025 | D:6      | XOM: give mutation
 11025 | D:6      | Gained mutation: You have sharp fingernails. [Xom's grace]
 11059 | D:6      | XOM: cast spell 'Summon Mana Viper'
 11322 | D:6      | XOM: summons friendly white imp
 11459 | D:6      | Reached skill level 5 in Armour
 11465 | D:6      | Found an ornate altar of the Wu Jian Council.
 11922 | D:7      | XOM: stat loss: -1 Int (13/14)
 12068 | D:7      | XOM: chaos cloud
 12070 | D:7      | XOM: blink monster(s)
 12074 | D:7      | XOM: swap monsters
 12106 | D:7      | XOM: enchant monster (bad)
 12111 | D:7      | XOM: blink monster(s)
 12130 | D:7      | Reached XP level 10. HP: 64/72 MP: 0/0
 12297 | D:7      | XOM: polymorph ice beast -> fire bat
 12413 | D:7      | Reached skill level 5 in Spellcasting
 12413 | D:7      | Reached skill level 5 in Conjurations
 12413 | D:7      | Reached skill level 5 in Hexes
 12413 | D:7      | Reached skill level 5 in Summonings
 12413 | D:7      | Reached skill level 5 in Necromancy
 12413 | D:7      | Reached skill level 5 in Translocations
 12413 | D:7      | Reached skill level 5 in Transmutations
 12413 | D:7      | Reached skill level 5 in Fire Magic
 12413 | D:7      | Reached skill level 5 in Ice Magic
 12413 | D:7      | Reached skill level 5 in Air Magic
 12413 | D:7      | Reached skill level 5 in Earth Magic
 12413 | D:7      | Reached skill level 5 in Poison Magic
 12527 | D:7      | XOM: give mutations
 12527 | D:7      | Lost mutation: Your muscles are strong. (Str +4, Int/Dex
                  | -1) [Xom's mischief]
 12527 | D:7      | Lost mutation: You have sharp fingernails. [Xom's mischief]
 12527 | D:7      | Gained mutation: You are robust. (+10% HP) [Xom's mischief]
 12527 | D:7      | Gained mutation: Potions are less effective at restoring
                  | your health. [Xom's mischief]
 12671 | D:8      | XOM: noise
 12738 | D:8      | Found Uteu's Antique Weapon Emporium.
 12768 | D:8      | XOM: draining
 12769 | D:8      | Found Davuq's Assorted Antiques.
 13199 | D:9      | Found a shadowy altar of Dithmenos.
 13244 | D:9      | XOM: scenery: create altars
 13301 | D:9      | Noticed a komodo dragon
 13310 | D:9      | Killed a komodo dragon
 13313 | D:9      | Noticed a komodo dragon
 13328 | D:9      | Killed a komodo dragon
 13329 | D:9      | Identified the +2 pair of gloves of the Chimera {rElec rF+
                  | Slay+3} (Xom gifted it to you on level 9 of the Dungeon)
 13329 | D:9      | XOM: god gift: +2 pair of gloves of the Chimera {rElec rF+
                  | Slay+3}
 13338 | D:9      | XOM: smoke on damage
 13341 | D:9      | XOM: summons friendly shadow imp
 13367 | D:9      | Found a staircase to the Lair.
 13388 | D:9      | Found an iron altar of Okawaru.
 13403 | D:9      | Noticed a two-headed ogre
 13405 | D:9      | XOM: summons 5 friendly demons
 13413 | D:9      | Killed a two-headed ogre
 13834 | D:9      | XOM: give mutations
 13834 | D:9      | Gained mutation: You are agile. (Dex +4, Str/Int -1) [Xom's
                  | grace]
 13834 | D:9      | Gained mutation: You are partially covered in iridescent
                  | scales. (AC +2) [Xom's grace]
 13845 | D:9      | XOM: give mutations
 13845 | D:9      | Gained mutation: You are very agile. (Dex +8, Str/Int -2)
                  | [Xom's grace]
 13845 | D:9      | Gained mutation: Your mind is acute. (Int +4, Str/Dex -1)
                  | [Xom's grace]
 13845 | D:9      | Gained mutation: You are very robust. (+20% HP) [Xom's
                  | grace]
 14116 | D:9      | XOM: give mutations
 14116 | D:9      | Gained mutation: Your movements are slightly less
                  | encumbered by armour. (ER -2) [Xom's grace]
 14116 | D:9      | Gained mutation: You have a somewhat thin skeletal
                  | structure. (Dex +2, Stealth+) [Xom's grace]
 14116 | D:9      | Gained mutation: You are extremely robust. (+30% HP) [Xom's
                  | grace]
 14116 | D:9      | Gained mutation: Your muscles are strong. (Str +4, Int/Dex
                  | -1) [Xom's grace]
 14128 | D:9      | Found a blossoming altar of Fedhas.
 14137 | D:9      | XOM: give mutations
 14137 | D:9      | Gained mutation: You have a pair of small antennae on your
                  | head. [Xom's grace]
 14137 | D:9      | Gained mutation: You have a moderately thin skeletal
                  | structure. (Dex +4, Stealth++) [Xom's grace]
 14157 | D:10     | Entered Level 10 of the Dungeon
 14189 | D:10     | Reached XP level 11. HP: 95/102 MP: 0/0
 14189 | D:10     | Learned a level 5 spell: Irradiate
 14302 | D:10     | Noticed Fannar
 14326 | D:10     | XOM: noise
 14331 | D:10     | XOM: blink monster(s)
 14337 | D:10     | Killed Fannar
 14545 | D:10     | XOM: cloud trail
 14558 | D:10     | XOM: potion effect (might)
 14584 | D:10     | Identified the +7 whip of Demonkind {vamp, Str+2 Stlth+}
 14635 | D:10     | XOM: scenery: 1 doors open
 14697 | D:10     | XOM: 6-stop teleportation journey
 14851 | D:10     | XOM: god gift: scroll of fear
 15281 | Lair:1   | Entered Level 1 of the Lair of Beasts
 15284 | Lair:1   | XOM: silly message
 15301 | Lair:1   | XOM: noise
 15311 | Lair:1   | Noticed Gastronok
 15312 | Lair:1   | Noticed a death yak
 15312 | Lair:1   | Noticed a death yak
 15312 | Lair:1   | Noticed a death yak
 15312 | Lair:1   | Noticed a death yak
 15312 | Lair:1   | Noticed a death yak
 15312 | Lair:1   | XOM: 4-stop teleportation journey
 15394 | Lair:1   | XOM is BORED!
 15394 | Lair:1   | XOM: confusion (+ monsters)
 15458 | Lair:1   | Killed Gastronok
 15491 | Lair:1   | Reached XP level 12. HP: 111/111 MP: 0/0
 15569 | Lair:1   | XOM: confusion (+ monsters)
 15571 | Lair:1   | XOM: potion effect (brilliance)
 15578 | Lair:1   | XOM: god gift: 6 atropa-tipped darts
 15584 | Lair:1   | XOM: enchant monster (good)
 15628 | Lair:1   | XOM: scenery: create altars
 15646 | Lair:1   | XOM: polymorph elephant -> wyvern
 15651 | Lair:1   | XOM: summons 6 friendly demons
 15655 | Lair:1   | XOM: god gift: 863 gold pieces
 15758 | Lair:1   | XOM: give mutations
 15758 | Lair:1   | Lost mutation: You are partially covered in iridescent
                  | scales. (AC +2) [Xom's mischief]
 15758 | Lair:1   | Lost mutation: You are very agile. (Dex +8, Str/Int -2)
                  | [Xom's mischief]
 15777 | Lair:1   | XOM: give mutations
 15777 | Lair:1   | Lost mutation: You are extremely robust. (+30% HP) [Xom's
                  | mischief]
 15777 | Lair:1   | Lost mutation: You are covered in fur. (AC +1) [Xom's
                  | mischief]
 15866 | Lair:1   | XOM: give mutations
 15866 | Lair:1   | Gained mutation: Your spells are a little harder to cast,
                  | but a little more powerful. [Xom's grace]
 15866 | Lair:1   | Gained mutation: You are extremely robust. (+30% HP) [Xom's
                  | grace]
 15882 | Lair:1   | XOM: fog
 15891 | Lair:1   | XOM: scenery: create altars
 15896 | Lair:1   | XOM: confuse monster(s)
 15903 | Lair:1   | Killed a death yak
 15905 | Lair:1   | a death yak changed into a shapeshifter
 15905 | Lair:1   | XOM: polymorph death yak -> shapeshifter
 15915 | Lair:1   | Killed a death yak
 15919 | Lair:1   | XOM: scenery: 2 doors open
 15921 | Lair:1   | a death yak changed into a glowing shapeshifter
 15921 | Lair:1   | XOM: polymorph death yak -> glowing shapeshifter
 15924 | Lair:1   | Lost mutation: Your mind is acute. (Int +4, Str/Dex -1) [a
                  | shining eye]
 15928 | Lair:1   | Killed a death yak
 15929 | Lair:1   | Reached skill level 10 in Long Blades
 16028 | Lair:1   | XOM: summons 5 friendly demons
 16099 | Lair:1   | XOM: god gift: plate armour {god gift}
 16242 | Lair:2   | XOM: smoke on damage
 16248 | Lair:2   | XOM: fog
 16293 | Lair:2   | XOM: god gift: 2 javelins
 16305 | Lair:2   | XOM: cloud trail
 16354 | Lair:2   | Reached XP level 13. HP: 122/122 MP: 0/0
 16354 | Lair:2   | Learned a level 5 spell: Metabolic Englaciation
 16468 | Lair:2   | Noticed Sonja
 16475 | Lair:2   | Killed Sonja
 16647 | Lair:2   | XOM: summons 4 friendly demons
 16663 | Lair:2   | Noticed a five-headed hydra
 16683 | Lair:2   | XOM: fog
 16703 | Lair:2   | Lost mutation: Your spells are a little harder to cast, but
                  | a little more powerful. [mutagenic glow]
 16925 | Lair:2   | Found a staircase to the Swamp.
 16977 | Lair:2   | XOM: scenery: 1 doors open
 16981 | Lair:2   | Killed a seven-headed hydra
 17086 | Lair:3   | Noticed Josephine
 17097 | Lair:3   | XOM: summons friendly iron imp
 17099 | Lair:3   | XOM: confuse monster(s)
 17102 | Lair:3   | Killed Josephine
 17238 | Lair:3   | Found a hole to the Spider Nest.
 17241 | Lair:3   | XOM: smoke on damage
 17261 | Lair:3   | Noticed Rupert
 17266 | Lair:3   | XOM: cast spell 'Cause Fear'
 17276 | Lair:3   | XOM: summons friendly white imp
 17281 | Lair:3   | Killed Rupert
 17315 | Lair:3   | Noticed Snorg
 17317 | Lair:3   | XOM: silly message
 17333 | Lair:3   | Killed Snorg
 17334 | Lair:3   | Reached skill level 10 in Dodging
 17349 | Lair:3   | XOM: divination: detect items
 17396 | Lair:3   | Noticed Urug
 17402 | Lair:3   | XOM: divination: magic mapping
 17404 | Lair:3   | XOM: silly message
 17409 | Lair:3   | Killed Urug
 17466 | Lair:3   | XOM: polymorph water moccasin -> fire bat
 17471 | Lair:3   | XOM: summons 7 hostile demons
 17496 | Lair:3   | XOM: swap monsters
 17501 | Lair:3   | XOM: 6-stop teleportation journey
 17725 | Lair:3   | XOM: summons 3 hostile shadow creatures
 17747 | Lair:3   | XOM: enchant monster (bad)
 17800 | Lair:3   | XOM: summons 4 hostile demons
 18169 | Lair:4   | Reached XP level 14. HP: 120/132 MP: 0/0
 18175 | Lair:4   | Acquired 1040 gold pieces
 18219 | Lair:3   | XOM: give mutations
 18219 | Lair:3   | Lost mutation: Your natural rate of healing is unusually
                  | fast. [Xom's mischief]
 18219 | Lair:3   | Gained mutation: Potions cannot restore your health. [Xom's
                  | mischief]
 18219 | Lair:3   | Lost mutation: Potions cannot restore your health. [Xom's
                  | mischief]
 18296 | D:7      | XOM: give mutations
 18296 | D:7      | Lost mutation: You expend health (3 HP) to strengthen your
                  | wands. [Xom's mischief]
 18296 | D:7      | Gained mutation: You have a pair of antennae on your head.
                  | [Xom's mischief]
 18374 | D:5      | Bought a +8 ring of slaying for 2200 gold pieces
 18390 | D:5      | XOM: give mutation
 18390 | D:5      | Lost mutation: Potions are less effective at restoring your
                  | health. [Xom's mischief]
 18607 | Lair:4   | XOM: enchant monster (good)
 18623 | Lair:4   | XOM: 3-stop teleportation journey
 18653 | Lair:4   | Reached skill level 10 in Fighting
 18711 | Lair:4   | XOM: cleaving
 18720 | Lair:4   | XOM: summons friendly iron imp
 18841 | Lair:4   | XOM: give mutations
 18841 | Lair:4   | Gained mutation: You have hidden genetic potential. [Xom's
                  | grace]
 18841 | Lair:4   | Lost mutation: You have hidden genetic potential. [Xom's
                  | grace]
 18841 | Lair:4   | Gained mutation: You are somewhat resistant to further
                  | mutation. [Xom's grace]
 18937 | Lair:4   | XOM: give mutations
 18937 | Lair:4   | Lost mutation: You are somewhat resistant to further
                  | mutation. [Xom's grace]
 18937 | Lair:4   | Gained mutation: You have hidden genetic potential. [Xom's
                  | grace]
 18937 | Lair:4   | Gained mutation: You possess an exceptional clarity of
                  | mind. [Xom's grace]
 18937 | Lair:4   | Gained mutation: You have an unnaturally thin skeletal
                  | structure. (Dex +6, Stealth+++) [Xom's grace]
 19183 | Lair:5   | Identified the "Fypp"
 19183 | Lair:5   | Entered Level 5 of the Lair of Beasts
 19302 | Lair:5   | XOM: confuse monster(s)
 19318 | Lair:5   | XOM: divination: magic mapping
 19325 | Lair:5   | XOM: divination: detect creatures
 19328 | Lair:5   | XOM: potion effect (brilliance)
 19348 | Lair:5   | Found a viscous altar of Jiyva.
 19348 | Lair:5   | Found a staircase to the Slime Pits.
 19586 | Lair:5   | XOM: silly message
 20049 | Lair:5   | XOM: summons 8 hostile demons
 20209 | D:11     | XOM: noise
 20222 | D:11     | XOM: swap monsters
 20223 | D:11     | XOM: polymorph yak -> tarantella
 20230 | D:11     | Reached skill level 10 in Armour
 20322 | D:11     | XOM: silly message
 20328 | D:11     | XOM: polymorph yak -> guardian serpent
 20350 | D:11     | XOM: 2-stop teleportation journey
 21087 | D:12     | Found a staircase to the Orcish Mines.
 21153 | D:12     | XOM: smoke on damage
 21242 | D:12     | XOM: silly message
 21330 | D:12     | XOM: polymorph two-headed ogre -> anaconda
 21386 | D:12     | XOM: blink monster(s)
 21387 | D:12     | XOM: swap monsters
 21391 | D:12     | Reached XP level 15. HP: 95/141 MP: 0/0
 21391 | D:12     | Learned a level 6 spell: Dispersal
 21403 | D:12     | XOM: give mutation
 21403 | D:12     | Gained mutation: You have supernaturally acute eyesight.
                  | (SInv) [Xom's mischief]
 21725 | D:12     | XOM: scenery: create altars
 21869 | D:12     | Noticed Psyche
 21872 | D:12     | Killed Psyche
 21964 | Orc:1    | Entered Level 1 of the Orcish Mines
 22020 | Orc:2    | Entered Level 2 of the Orcish Mines
 22020 | Orc:2    | XOM: scenery: 1 doors open
 22083 | Orc:2    | Found Omemut's Book Shoppe.
 22153 | Orc:2    | XOM: destruction
 22156 | Orc:2    | XOM: give mutation
 22156 | Orc:2    | Lost mutation: You have a pair of antennae on your head.
                  | [Xom's mischief]
 22160 | Orc:2    | Noticed an orc warlord
 22179 | Orc:2    | Killed an orc warlord
 22215 | Orc:2    | XOM: silly message
 22217 | Orc:2    | Reached skill level 10 in Spellcasting
 22217 | Orc:2    | Reached skill level 10 in Conjurations
 22217 | Orc:2    | Reached skill level 10 in Hexes
 22217 | Orc:2    | Reached skill level 10 in Summonings
 22217 | Orc:2    | Reached skill level 10 in Necromancy
 22217 | Orc:2    | Reached skill level 10 in Translocations
 22217 | Orc:2    | Reached skill level 10 in Transmutations
 22217 | Orc:2    | Reached skill level 10 in Fire Magic
 22217 | Orc:2    | Reached skill level 10 in Ice Magic
 22217 | Orc:2    | Reached skill level 10 in Air Magic
 22217 | Orc:2    | Reached skill level 10 in Earth Magic
 22217 | Orc:2    | Reached skill level 10 in Poison Magic
 22242 | Orc:1    | XOM: enchant monster (bad)
 22556 | Orc:2    | XOM: swap monsters
 22559 | Orc:2    | Gained mutation: You are strong-willed. (Will+) [hidden
                  | potential]
 22560 | Orc:2    | XOM: chaos upgrade
 22562 | Orc:2    | Found Omerulir's Armour Boutique.
 22562 | Orc:2    | Found Enujomio's Armour Shoppe.
 22562 | Orc:2    | Found Matuf's Jewellery Boutique.
 22612 | Orc:1    | XOM: give mutations
 22612 | Orc:1    | Lost mutation: You have a pair of small antennae on your
                  | head. [Xom's mischief]
 22612 | Orc:1    | Lost mutation: You have hidden genetic potential. [Xom's
                  | mischief]
 22643 | Orc:2    | Found Wouzaf's Assorted Antiques.
 22649 | Orc:2    | Found a staircase to the Elven Halls.
 22685 | Orc:2    | Bought a potion of curing for 72 gold pieces
 22685 | Orc:2    | Bought a scroll of teleportation for 72 gold pieces
 22685 | Orc:2    | Bought a potion of curing for 72 gold pieces
 22685 | Orc:2    | Bought a coppery potion for 21 gold pieces
 22742 | Orc:2    | XOM: silly message
 22850 | Orc:2    | Found Rasoside's Antique Armour Shoppe.
 22858 | Orc:2    | XOM: enchant monster (good)
 23462 | D:13     | XOM: 2-stop teleportation journey
 23490 | D:13     | Noticed Nessos
 23502 | D:13     | Killed Nessos
 23765 | D:13     | XOM: scenery: 8 doors open
 23772 | D:13     | XOM: enchant monster (bad)
 23773 | D:13     | XOM: cast spell 'Call Canine Familiar'
 23822 | D:13     | Found a gate to the Vaults.
 24058 | D:13     | XOM: god gift: 44 gold pieces
 24394 | D:5      | Bought the ring of Nihilism {Int+5 Dex+6 Stlth-} for 573
                  | gold pieces
 24413 | D:5      | Bought a +2 tower shield of cold resistance for 258 gold
                  | pieces
 24605 | D:14     | Noticed Frances
 24616 | D:14     | Killed Frances
 24649 | D:14     | XOM: noise
 24682 | D:14     | Reached skill level 1 in Shields
 24823 | D:14     | XOM: 8-stop teleportation journey
 24905 | D:14     | XOM: scenery: summon butterflies
 24968 | D:14     | XOM: god gift: scroll of enchant weapon
 25175 | D:14     | XOM: stat loss: -1 Dex (33/34)
 25198 | D:14     | XOM: divination: magic mapping
 25221 | D:15     | Entered Level 15 of the Dungeon
 25221 | D:15     | Found a gate leading to a gauntlet.
 25225 | Gauntlet | Entered a Gauntlet
 25225 | Gauntlet | Found a transporter.
 25232 | Gauntlet | Found a transporter.
 25236 | Gauntlet | Found a transporter.
 25244 | Gauntlet | Found a transporter.
 25248 | Gauntlet | Found a transporter.
 25256 | Gauntlet | Found a transporter.
 25260 | Gauntlet | Found a transporter.
 25271 | Gauntlet | Found a transporter.
 25272 | Gauntlet | Found a transporter.
 25280 | Gauntlet | Found a transporter.
 25311 | Gauntlet | Found a transporter.
 25323 | Gauntlet | Found a transporter.
 25336 | Gauntlet | Found a transporter.
 25349 | Gauntlet | Found a transporter.
 25398 | Gauntlet | XOM: cast spell 'Call Canine Familiar'
 25406 | Gauntlet | Reached XP level 16. HP: 134/150 MP: 0/0
 25409 | Gauntlet | Acquired 978 gold pieces
 25472 | Gauntlet | Identified the amulet "Becsigub" {Acrobat Will+ Int-2
                  | Slay+3}
 25522 | Gauntlet | Identified the +5 ring mail of an ossuary {Int+6 Stlth+}
 25630 | D:15     | XOM: 1-stop teleportation journey
 25856 | D:15     | XOM: summons 4 hostile shadow creatures
 25879 | D:15     | XOM: 3-stop teleportation journey
 25954 | D:15     | XOM: give mutations
 25954 | D:15     | Gained mutation: You are highly strong-willed. (Will++)
                  | [Xom's grace]
 25954 | D:15     | Gained mutation: Your muscles are very strong. (Str +8,
                  | Int/Dex -2) [Xom's grace]
 25954 | D:15     | Gained mutation: You are partially covered in iridescent
                  | scales. (AC +2) [Xom's grace]
 25954 | D:15     | Gained mutation: You are mostly covered in iridescent
                  | scales. (AC +4) [Xom's grace]
 25978 | D:15     | XOM: noise
 26147 | D:15     | Found a staircase to the Depths.
 26164 | D:15     | XOM: summons 10 friendly demons
 26444 | D:14     | XOM: cloud trail
 26649 | Swamp:1  | Entered Level 1 of the Swamp
 26665 | Swamp:1  | XOM: 1-stop teleportation journey
 26713 | Swamp:1  | XOM: potion effect (invisibility)
 26715 | Swamp:1  | XOM: potion effect (haste)
 26725 | Swamp:1  | XOM: silly message
 26772 | Swamp:1  | Found a runed translucent gate.
 26772 | Swamp:1  | Found a runed translucent gate.
 26772 | Swamp:1  | Found a runed translucent gate.
 26776 | Swamp:1  | Noticed Wiladeyst's ghost (adept TrSh)
 27093 | Swamp:1  | XOM: silly message
 27358 | Swamp:1  | Identified the ring "Nidwuscha" {rPois rCorr Str+6}
 27362 | Swamp:1  | XOM: cloud trail
 27538 | Swamp:2  | XOM: noise
 27540 | Swamp:2  | XOM: enchant monster (good)
 27548 | Swamp:2  | Noticed Nikola
 27554 | Swamp:2  | XOM: divination: detect creatures
 27574 | Swamp:2  | Killed Nikola
 27750 | Swamp:2  | Reached skill level 5 in Shields
 28084 | Swamp:3  | XOM: 4-stop teleportation journey
 28303 | Swamp:3  | XOM: cloud trail
 28322 | Swamp:3  | XOM: silly message
 28565 | Swamp:4  | Entered Level 4 of the Swamp
 28575 | Swamp:4  | XOM: silly message
 28592 | Swamp:3  | XOM: potion effect (might)
 28810 | Swamp:4  | Reached XP level 17. HP: 145/159 MP: 0/0
 28810 | Swamp:4  | Learned a level 7 spell: Enfeeble
 28946 | Swamp:4  | XOM: cast spell 'Alistair's Intoxication'
 28947 | Swamp:4  | XOM: divination: detect creatures
 29055 | Swamp:4  | XOM: silly message
 29056 | Swamp:4  | XOM: polymorph swamp drake -> boggart
 29060 | Swamp:4  | Noticed the 27-headed Lernaean hydra
 29070 | Swamp:4  | XOM: scenery: create altars
 29074 | Swamp:4  | the 27-headed Lernaean hydra changed into a shapeshifter
                  | shaped Lernaean hydra
 29074 | Swamp:4  | XOM: polymorph 27-headed Lernaean hydra -> shapeshifter
                  | shaped Lernaean hydra
 29089 | Swamp:4  | XOM: confuse monster(s)
 29091 | Swamp:4  | XOM: summons friendly iron imp
 29154 | Swamp:4  | XOM: silly message
 29319 | Swamp:4  | XOM: divination: detect creatures
 29322 | Swamp:4  | XOM: confuse monster(s)
 29415 | Swamp:4  | Got a decaying rune of Zot
 29552 | Swamp:1  | Killed Wiladeyst's ghost
 29608 | Lair:2   | XOM: god gift: sling {god gift}
 29679 | Spider:1 | Entered Level 1 of the Spider Nest
 29744 | Spider:1 | XOM: summons friendly crimson imp
 29767 | Spider:1 | Identified the +7 dagger of the Grave {elec, rCorr Int+2}
 29938 | Spider:1 | You are sucked into a shaft and drop 1 floor!
 30101 | Spider:1 | XOM: 2-stop teleportation journey
 30210 | Spider:1 | XOM: enchant monster (good)
 30214 | Spider:1 | Reached skill level 15 in Long Blades
 30228 | Spider:1 | XOM: cleaving
 30236 | Spider:1 | Reached skill level 1 in Evocations
 30267 | Spider:1 | XOM: summons 4 hostile demons
 30495 | Spider:1 | Noticed Roxanne
 30500 | Spider:1 | Noticed Asterion
 30504 | Spider:1 | XOM: confuse monster(s)
 30787 | Spider:1 | Killed Asterion
 30865 | Spider:1 | XOM: silly message
 31072 | Spider:1 | XOM: noise
 31117 | Spider:1 | Killed Roxanne
 31151 | Spider:2 | XOM: fog
 31234 | Spider:2 | Reached XP level 18. HP: 167/169 MP: 0/0
 31369 | Spider:2 | XOM: cast spell 'Cause Fear'
 31373 | Spider:2 | XOM: divination: detect items
 31388 | Spider:2 | XOM: noise
 31439 | Spider:2 | XOM: silly message
 31595 | Spider:2 | Identified the ring "Juiroz" {Wiz rCorr Dex+4} (Xom gifted
                  | it to you on level 2 of the Spider Nest)
 31595 | Spider:2 | XOM: god gift: ring "Juiroz" {Wiz rCorr Dex+4}
 31832 | Spider:3 | Noticed Arachne
 31836 | Spider:3 | XOM: noise
 31838 | Spider:3 | Identified the serpent talisman of Dogma {rElec rN++ Str-2
                  | Stlth+}
 31838 | Spider:3 | Noticed Aizul
 31843 | Spider:3 | XOM: smoke on damage
 31861 | Spider:3 | Killed Aizul
 31872 | Spider:3 | XOM: cast spell 'Cause Fear'
 31899 | Spider:3 | Killed Arachne
 31953 | Spider:3 | Noticed Kirke
 31960 | Spider:3 | XOM: enchant monster (bad)
 31962 | Spider:3 | Kirke changed into Kirke the shadow dragon
 31962 | Spider:3 | Noticed Kirke
 31962 | Spider:3 | XOM: polymorph Kirke -> Kirke the shadow dragon
 31970 | Spider:3 | Killed Kirke the shadow dragon
 32160 | Spider:3 | XOM: summons 2 hostile shadow creatures
 32726 | Spider:4 | Entered Level 4 of the Spider Nest
 32750 | Spider:4 | XOM: god gift: +2 cloak of poison resistance
 32836 | Spider:4 | XOM: chaos upgrade
 32868 | Spider:4 | XOM: silly message
 32893 | Spider:4 | XOM: polymorph redback -> fire crab
 33058 | Spider:4 | XOM: cast spell 'Summon Cactus Giant'
 33079 | Spider:4 | Reached XP level 19. HP: 109/179 MP: 0/0
 33079 | Spider:4 | Learned a level 7 spell: Ozocubu's Refrigeration
 33349 | Spider:4 | Got a gossamer rune of Zot
 33399 | Spider:4 | XOM: 4-stop teleportation journey
 33525 | Spider:4 | XOM: silly message
 34127 | Vaults:1 | Entered Level 1 of the Vaults
 34329 | Vaults:1 | Noticed Saint Roka
 34347 | Vaults:1 | Killed Saint Roka
 34348 | Vaults:1 | Reached skill level 5 in Evocations
 34473 | Vaults:1 | XOM: destruction
 34521 | Vaults:1 | XOM: summons 3 friendly demons
 34771 | Vaults:1 | Noticed a tentacled monstrosity
 34778 | Vaults:1 | Killed a tentacled monstrosity
 34779 | Vaults:1 | Reached skill level 10 in Shields
 34885 | Vaults:1 | XOM: silly message
 35388 | Vaults:1 | XOM: god gift: javelin
 35402 | Vaults:1 | XOM: god gift: leather armour {god gift}
 35506 | Vaults:2 | Identified the "Veddoisa"
 35590 | Vaults:2 | XOM: confuse monster(s)
 35730 | Vaults:2 | XOM: divination: detect creatures
 35818 | Vaults:2 | XOM: summons friendly ufetubus
 35865 | Vaults:2 | Reached XP level 20. HP: 171/189 MP: 0/0
 35869 | Vaults:2 | XOM: scenery: create altars
 36001 | Vaults:2 | XOM: 2-stop teleportation journey
 36074 | Vaults:2 | XOM: polymorph slime creature -> tyrant leech
 36159 | Vaults:2 | Found a staircase to the Crypt.
 36216 | Vaults:2 | Found Fewonavu's Assorted Antiques.
 36222 | Vaults:2 | Bought a wand of light (2) for 277 gold pieces
 36222 | Vaults:2 | Bought a scroll of teleportation for 99 gold pieces
 36386 | Vaults:2 | XOM: scenery: 1 doors close
 36454 | Vaults:2 | Found Ytayvar's General Store.
 36511 | Vaults:2 | XOM: summons 2 friendly demons
 36534 | Vaults:2 | XOM: scenery: 3 doors open
 36617 | Vaults:2 | XOM: fake destruction
 36636 | Vaults:2 | Found Xatausya's Magic Scroll Shoppe.
 36645 | Vaults:2 | Bought a scroll of fear for 56 gold pieces
 36645 | Vaults:2 | Bought a scroll of blinking for 105 gold pieces
 36715 | Vaults:3 | XOM: scenery: 1 doors open, 1 doors close
 36717 | Vaults:3 | XOM: enchant monster (good)
 36725 | Vaults:3 | Reached skill level 15 in Dodging
 36812 | Vaults:3 | XOM: enchant monster (good)
 36819 | Vaults:3 | XOM: cleaving
 37025 | Vaults:3 | Noticed Boris
 37032 | Vaults:3 | Killed Boris
 37077 | Vaults:3 | Noticed Sojobo
 37078 | Vaults:3 | XOM: potion effect (might)
 37084 | Vaults:3 | Killed Sojobo
 37182 | Vaults:3 | XOM: scenery: 1 doors close
 37343 | Vaults:3 | XOM: god gift: scroll of noise
 37379 | Vaults:3 | Found a portal to a secret trove of treasure.
 37991 | Vaults:3 | XOM: scenery: 1 doors close
 38117 | Vaults:3 | XOM is BORED!
 38117 | Vaults:3 | XOM: summons 3 hostile shadow creatures
 38271 | Vaults:4 | Identified the of Qeotyemats
 38271 | Vaults:4 | Identified the "Wecory"
 38271 | Vaults:4 | Identified the "Woadgh"
 38282 | Vaults:4 | XOM: noise
 38285 | Vaults:4 | XOM: enchant monster (good)
 38344 | Vaults:4 | XOM: silly message
 38351 | Vaults:4 | Reached XP level 21. HP: 150/198 MP: 0/0
 38351 | Vaults:4 | Learned a level 7 spell: Malign Gateway
 38356 | Vaults:4 | XOM: enchant monster (good)
 38386 | Vaults:4 | Found a flickering gateway to a bazaar.
 38401 | Bazaar   | Entered a bazaar
 38401 | Bazaar   | Found Razucagg's Armour Boutique.
 38401 | Bazaar   | Found Faem's Antique Armour Shop.
 38401 | Bazaar   | Found Ebenn's Antique Weapon Shop.
 38439 | Bazaar   | Bought a glowing cloak for 210 gold pieces
 38474 | Vaults:4 | XOM: 2-stop teleportation journey
 38527 | Vaults:4 | Identified the +1 sling of Karma {heavy, +Blink}
 38565 | Vaults:4 | XOM: silly message
 38568 | Vaults:4 | XOM: silly message
 38664 | Vaults:4 | XOM: enchant monster (good)
 39063 | Vaults:4 | XOM: polymorph yaktaur captain -> six-headed hydra
 39116 | Vaults:4 | XOM: cast spell 'Summon Dragon'
 39119 | Vaults:4 | XOM: swap monsters
 39132 | Vaults:4 | XOM: confuse monster(s)
 39137 | Vaults:4 | XOM: potion effect (curing)
 39151 | Vaults:4 | XOM: noise
 39556 | Vaults:4 | XOM: potion effect (brilliance)
 39578 | Vaults:4 | XOM: potion effect (berserk rage)
 39586 | Vaults:4 | XOM: potion effect (brilliance)
 39600 | Vaults:4 | XOM: potion effect (might)
 39654 | Vaults:4 | XOM: silly message
 39825 | Vaults:4 | Identified the +1 cloak of Toothy the Leaf {rF+ Stlth+}
 39829 | Vaults:4 | Identified the +1 helmet of the Byakko {Regen+ rCorr Str+4}
 40041 | Vaults:4 | XOM: silly message
 40169 | Vaults:5 | Entered Level 5 of the Vaults
 40180 | Vaults:4 | Reached skill level 15 in Fighting
 40185 | Vaults:4 | XOM: silly message
 40208 | Vaults:4 | XOM: silly message
 40209 | Vaults:4 | Reached XP level 22. HP: 125/209 MP: 0/0
 40256 | Vaults:5 | XOM: potion effect (haste)
 40259 | Vaults:4 | XOM: chaos upgrade
 40262 | Vaults:4 | XOM: silly message
 40268 | Vaults:4 | XOM: summons 8 hostile demons
 40316 | Vaults:4 | XOM: draining
 40318 | Vaults:4 | XOM: divination: magic mapping
 40325 | Vaults:4 | XOM: cleaving
 40456 | Vaults:4 | XOM: confuse monster(s)
 40533 | Vaults:5 | Noticed a golden dragon
 40546 | Vaults:5 | Killed a golden dragon
 40555 | Vaults:5 | Reached skill level 15 in Armour
 40618 | Vaults:5 | XOM: cast spell 'Summon Ice Beast'
 40625 | Vaults:5 | XOM: cast spell 'Cause Fear'
 40635 | Vaults:5 | XOM: noise
 40786 | Vaults:5 | XOM: scenery: create altars
 41004 | Vaults:5 | XOM: enchant monster (bad)
 41006 | Vaults:5 | XOM: destruction
 41013 | Vaults:5 | XOM: cleaving
 41032 | Vaults:5 | XOM: blink monster(s)
 41045 | Vaults:5 | Found Weylusih's Magic Scroll Shop.
 41055 | Vaults:5 | Bought a scroll of teleportation for 39 gold pieces
 41055 | Vaults:5 | Bought a scroll of enchant armour for 97 gold pieces
 41055 | Vaults:5 | Bought a scroll of enchant armour for 97 gold pieces
 41241 | Vaults:5 | XOM: confuse monster(s)
 41246 | Vaults:5 | XOM: scenery: summon butterflies
 41272 | Vaults:5 | Got a silver rune of Zot
 41358 | Vaults:5 | XOM: swap monsters
 41363 | Vaults:5 | XOM: divination: detect creatures
 41377 | Vaults:5 | XOM: summons 2 friendly demons
 41382 | Vaults:5 | Reached XP level 23. HP: 159/217 MP: 0/0
 41382 | Vaults:5 | Learned a level 7 spell: Haunt
 41531 | Vaults:5 | Identified the +2 pair of boots of Demonic Creativity {rF-
                  | Str+9 Stlth+}
 41602 | Vaults:5 | XOM: god gift: 48 gold pieces
 41706 | Vaults:5 | XOM: stat loss: -1 Str (21/22)
 41852 | Vaults:5 | Identified the +4 scimitar "Juoveqeu" {heavy, Will+}
 41863 | Vaults:5 | Identified the +0 shortbow "Djinni's Regret" {flame, rF-
                  | rC+ rN+ Dex+2}
 41864 | Vaults:5 | Identified the amulet of Fonasuna {Spirit Fly rC- rN+++
                  | MP+9}
 41880 | Vaults:5 | Identified the +4 chain mail of Mezcal {Slay+2}
 41886 | Vaults:5 | XOM: give mutation
 41886 | Vaults:5 | Lost mutation: You possess an exceptional clarity of mind.
                  | [Xom's mischief]
 41890 | Vaults:5 | Acquired 640 gold pieces
 42214 | Depths:3 | Identified the of Ezxiocid
 42214 | Desolati | Identified the of Isuopot
 42214 | Elf:1    | Entered Level 1 of the Elven Halls
 42285 | Elf:1    | XOM: polymorph deep elf zephyrmancer -> dream sheep
 42287 | Elf:1    | Found a crumbling gateway.
 42312 | Desolati | Entered the Desolation of Salt
 42321 | Desolati | XOM: blink monster(s)
 42330 | Desolati | XOM: confusion (+ monsters)
 42343 | Desolati | XOM: scenery: create altars
 42358 | Desolati | XOM: chaos upgrade
 42431 | Desolati | Identified the ring "Ramag" {rF++ Will- Str+3 Int+2 SInv}
 42435 | Desolati | Found the +10 morningstar "Eos" {elec, Halo rElec}
 42456 | Desolati | Identified the +7 sling of Past Mistakes {drain, rN+ Will+
                  | Str-2}
 42680 | Desolati | Identified the +4 arbalest of Kismet {freeze, rC+}
 42721 | Desolati | XOM: chaos upgrade
 42786 | Desolati | Identified the ring of Oroirph {rPois SInv}
 42791 | Desolati | Identified the +3 mace "Suduffuz" {speed, *Corrode rElec
                  | rF+ rC+ Int+3}
 42946 | Desolati | XOM: give mutations
 42946 | Desolati | Lost mutation: Your movements are slightly less encumbered
                  | by armour. (ER -2) [Xom's mischief]
 42946 | Desolati | Lost mutation: Your muscles are very strong. (Str +8,
                  | Int/Dex -2) [Xom's mischief]
 42946 | Desolati | Gained mutation: You passively map a small area around you.
                  | [Xom's mischief]
 43126 | Elf:1    | XOM: chaos cloud
 43259 | Elf:1    | Paralysed by an air elemental for 1 turns
 43364 | Elf:1    | XOM: enchant monster (bad)
 43455 | Elf:1    | XOM: blink monster(s)
 43458 | Elf:1    | XOM: 1-stop teleportation journey
 43462 | Elf:1    | XOM: chaos upgrade
 43463 | Elf:1    | XOM: stat loss: -1 Str (17/18)
 43654 | Elf:1    | XOM: silly message
 43867 | Elf:1    | Found Feossyw's Armour Boutique.
 43954 | Elf:2    | XOM: stealth player
 44125 | Elf:2    | Found a huge runed translucent gate.
 44125 | Elf:2    | Found a huge runed translucent gate.
 44125 | Elf:2    | Found a huge runed translucent gate.
 44125 | Elf:2    | Found a huge runed translucent gate.
 44125 | Elf:2    | Found a huge runed translucent gate.
 44256 | Elf:2    | XOM: 1-stop teleportation journey
 44281 | Elf:2    | XOM: give mutations
 44281 | Elf:2    | Lost mutation: You have an unnaturally thin skeletal
                  | structure. (Dex +6, Stealth+++) [Xom's mischief]
 44281 | Elf:2    | Lost mutation: You passively map a small area around you.
                  | [Xom's mischief]
 44286 | Elf:2    | Reached XP level 24. HP: 83/228 MP: 0/0
 44480 | Elf:2    | XOM: cast spell 'Cause Fear'
 44860 | Elf:2    | XOM: noise
 44895 | Elf:2    | XOM: confuse monster(s)
 44904 | Elf:2    | Paralysed by an air elemental for 1 turns
 44927 | Elf:2    | Found a runed translucent door.
 44928 | Elf:2    | Noticed Sugyll's ghost (adept TeAE)
 44960 | Elf:2    | Killed Sugyll's ghost
 44991 | Elf:3    | Identified the "Orysis"
 44991 | Elf:3    | Entered Level 3 of the Elven Halls
 45099 | Elf:3    | XOM: cloud trail
 45110 | Elf:3    | Found Baquteodd's Jewellery Shop.
 45125 | Elf:3    | Bought a talisman of death for 1364 gold pieces
 45174 | Elf:3    | XOM: enchant monster (bad)
 45175 | Elf:3    | Paralysed by an air elemental for 1 turns
 45178 | Elf:3    | Reached skill level 1 in Shapeshifting
 45195 | Elf:3    | XOM: summons friendly white imp
 45205 | Elf:3    | XOM: scenery: 1 doors close
 45222 | Elf:3    | XOM: 1-stop teleportation journey
 45257 | Elf:3    | Identified the +13 chain mail of the Five Xenophobes {rC+
                  | Int-5 Dex+2}
 45414 | Elf:3    | XOM: summons friendly ufetubus
 45436 | Elf:3    | XOM: silly message
 45514 | Elf:3    | XOM: cloud trail
 45533 | Elf:3    | XOM: potion effect (brilliance)
 45541 | Elf:3    | XOM: butterfly on damage
 45546 | Elf:3    | XOM: 2-stop teleportation journey
 45642 | Elf:3    | XOM: god gift: club {god gift}
 45718 | Elf:3    | Reached skill level 5 in Shapeshifting
 45722 | Elf:3    | Identified the +7 quarterstaff of the Lusting Hero {flame,
                  | *Noise rN+++ Will- Int+6}
 45724 | Elf:3    | XOM: scenery: summon butterflies
 45808 | Elf:3    | Identified the amulet "Toigeuduru" {rC+ rN+ Regen+}
 45811 | Elf:3    | XOM: scenery: summon butterflies
 45833 | Elf:3    | XOM: cleaving
 45844 | Elf:3    | XOM: confuse monster(s)
 45850 | Elf:3    | XOM: summons 3 friendly demons
 45859 | Elf:3    | Identified the +2 robe "Rebbi Vessoz" {rF+}
 45862 | Elf:3    | XOM: enchant monster (good)
 45939 | Elf:3    | Identified the +10 arbalest of Geac {penet, Drain rPois
                  | Str+2}
 45949 | Elf:3    | Identified the +2 flail of Hanoul {drain, Fly rPois Will-
                  | Dex+4}
 45950 | Elf:3    | Identified the ring "Azuem" {Fire rCorr MP+9 Str+3}
 45966 | Elf:3    | Identified the +1 robe of Hepliaklqana {Int+2 Dex+2
                  | Archmagi}
 45968 | Elf:3    | Identified the staff of Eper {rElec Will+ Str+4 SInv Air}
 45969 | Elf:3    | Found the +3 Mad Mage's Maulers {Infuse+∞ VampMP -Cast}
 45984 | Elf:3    | Identified the staff "Noeleppu" {rC+ Dex+3 Ice}
 46492 | Crypt:1  | Entered Level 1 of the Crypt
 46538 | Crypt:1  | XOM: fake destruction
 46705 | Crypt:1  | XOM: summons friendly shadow imp
 46734 | Crypt:1  | XOM: cast spell 'Monstrous Menagerie'
 46848 | Crypt:1  | XOM: cloud trail
 46879 | Crypt:1  | Reached XP level 25. HP: 237/237 MP: 0/0
 46879 | Crypt:1  | Learned a level 9 spell: Chain Lightning
 46889 | Crypt:1  | XOM: confuse monster(s)
 47010 | Crypt:1  | XOM: divination: magic mapping
 47051 | Crypt:1  | XOM: enchant monster (bad)
 47260 | Crypt:2  | XOM: cast spell 'Leda's Liquefaction'
 47272 | Crypt:2  | XOM: potion effect (might)
 47446 | Crypt:2  | XOM: divination: detect creatures
 47452 | Crypt:2  | XOM: butterfly on damage
 47459 | Crypt:2  | Reached skill level 10 in Shapeshifting
 47524 | Crypt:2  | XOM: potion effect (haste)
 48043 | Crypt:3  | Entered Level 3 of the Crypt
 48074 | Crypt:3  | XOM: divination: magic mapping
 48119 | Crypt:3  | XOM: destruction
 48205 | Crypt:3  | XOM: enchant monster (bad)
 48237 | Crypt:3  | XOM: enchant monster (good)
 48238 | Crypt:3  | XOM: enchant monster (good)
 48297 | Crypt:3  | Noticed a dread lich
 48307 | Crypt:3  | Killed a dread lich
 48353 | Crypt:3  | XOM: potion effect (might)
 48358 | Crypt:3  | XOM: summons friendly iron imp
 48363 | Crypt:3  | XOM: confusion (+ monsters)
 48366 | Crypt:3  | XOM: divination: magic mapping
 48506 | Crypt:3  | Found the +5 scythe "Finisher" {speed, execute}
 48525 | Crypt:3  | Identified the ring of the Falcon {rN+ Will++ Int+2}
 48525 | Crypt:3  | Identified the ring of Yvaps {rPois rF+ rN+ Str-5}
 48525 | Crypt:3  | Identified the ring of Elisihoc {rN+ rCorr Str+3}
 48552 | Crypt:3  | XOM: noise
 48601 | Crypt:3  | XOM: enchant monster (good)
 48615 | Crypt:3  | XOM: chaos upgrade
 48882 | Crypt:3  | XOM: give mutations
 48882 | Crypt:3  | Lost mutation: You have a moderately thin skeletal
                  | structure. (Dex +4, Stealth++) [Xom's mischief]
 48882 | Crypt:3  | Lost mutation: You are agile. (Dex +4, Str/Int -1) [Xom's
                  | mischief]
 48882 | Crypt:3  | Lost mutation: You are highly strong-willed. (Will++)
                  | [Xom's mischief]
 48937 | Crypt:3  | Found a staircase to the Tomb.
 49072 | Crypt:3  | Identified the staff of the Sugar Beet {rElec rF+ Dex+5
                  | Fire Ice}
 49434 | Depths:1 | Entered Level 1 of the Depths
 49584 | Depths:1 | Noticed Norris
 49586 | Depths:1 | XOM: 2-stop teleportation journey
 49596 | Depths:1 | XOM: summons 6 friendly demons
 49630 | Depths:1 | XOM: enchant monster (bad)
 49635 | Depths:1 | XOM: cast spell 'Summon Horrible Things'
 49645 | Depths:1 | XOM: enchant monster (bad)
 49657 | Depths:1 | XOM: summons 2 friendly demons
 49663 | Depths:1 | Found a gateway to Hell.
 49688 | Depths:1 | XOM: scenery: 1 doors close
 49694 | Depths:1 | XOM: summons friendly white imp
 49701 | Depths:1 | XOM: enchant monster (good)
 49746 | Depths:1 | XOM: god gift: scroll of blinking
 49796 | Depths:1 | Found a one-way gate to the infinite horrors of the Abyss.
 49852 | Depths:1 | Reached XP level 26. HP: 206/245 MP: 0/0
 49870 | Depths:1 | XOM: confuse monster(s)
 49880 | Depths:1 | XOM: scenery: 1 doors close
 49908 | Depths:1 | XOM: 2-stop teleportation journey
 50038 | Depths:1 | Found Avyvvutz's Weapon Boutique.
 50040 | Depths:1 | Found Plog's Magic Scroll Shop.
 50043 | Depths:1 | Found Daaruz's Distillery.
 50049 | Depths:1 | Bought a scroll of acquirement for 832 gold pieces
 50049 | Depths:1 | Bought a scroll of teleportation for 48 gold pieces
 50049 | Depths:1 | Bought a scroll of enchant weapon for 120 gold pieces
 50050 | Depths:1 | Identified the "Niaf" (You acquired it on level 1 of the
                  | Depths)
 50050 | Depths:1 | Acquired 1240 gold pieces
 50054 | Depths:1 | Bought a potion of brilliance for 44 gold pieces
 50054 | Depths:1 | Bought 2 potions of heal wounds for 110 gold pieces
 50054 | Depths:1 | Bought a potion of heal wounds for 55 gold pieces
 50054 | Depths:1 | Bought a potion of cancellation for 88 gold pieces
 50054 | Depths:1 | Bought a potion of mutation for 88 gold pieces
 50063 | Depths:1 | XOM: summons friendly white imp
 50074 | Depths:1 | XOM: confuse monster(s)
 50250 | Depths:1 | XOM: give mutations
 50250 | Depths:1 | Gained mutation: Your spells are a little harder to cast,
                  | but a little more powerful. [Xom's grace]
 50250 | Depths:1 | Gained mutation: Your spells are harder to cast, but more
                  | powerful. [Xom's grace]
 50250 | Depths:1 | Gained mutation: You are highly strong-willed. (Will++)
                  | [Xom's grace]
 50250 | Depths:1 | Gained mutation: You passively dampen the noise of your
                  | surroundings. [Xom's grace]
 50282 | Depths:1 | XOM: scenery: 1 doors close
 50444 | Depths:1 | Identified the serpent talisman "Rupingan" {rElec Will+}
 50519 | Depths:1 | XOM: enchant monster (good)
 50520 | Depths:1 | Killed Norris
 50541 | Depths:1 | Found Duzil's Weapon Shop.
 50754 | Depths:1 | XOM: god gift: 6 stones
 50863 | Depths:2 | XOM: divination: detect creatures
 50874 | Depths:2 | Reached skill level 15 in Shapeshifting
 50976 | Depths:2 | XOM: polymorph deep troll -> lindwurm
 51008 | Depths:2 | XOM: fake destruction
 51015 | Depths:2 | XOM: noise
 51028 | Depths:2 | XOM: blink monster(s)
 51295 | Depths:2 | Noticed Louise
 51295 | Depths:2 | XOM: divination: magic mapping
 51301 | Depths:2 | XOM: cast spell 'Summon Cactus Giant'
 51311 | Depths:2 | Killed Louise
 51329 | Depths:2 | XOM: enchant monster (good)
 51336 | Depths:2 | XOM: swap monsters
 51744 | Depths:2 | XOM: god gift: 40 gold pieces
 51979 | Depths:2 | Found a one-way gate leading to the halls of Pandemonium.
 52013 | Depths:2 | XOM: divination: detect items
 52044 | Hell     | Entered the Vestibule of Hell
 52044 | Hell     | Noticed Geryon
 52174 | Hell     | XOM: cast spell 'Alistair's Intoxication'
 52206 | Hell     | XOM: smoke on damage
 52253 | Hell     | Killed Geryon
 52336 | D:14     | XOM: silly message
 52500 | Vaults:3 | You paid a toll of the horn of Geryon to enter a treasure
                  | trove
 52501 | Trove    | Entered a treasure trove
 52505 | Trove    | Found the ring of the Tortoise {AC+8}
 52508 | Trove    | Identified the ring of Isurofy {Drain rPois AC+4 Int+2
                  | Dex+3}
 52513 | Trove    | Identified the ring "Qewiodgh" {rPois Int+3}
 52519 | Trove    | Identified the ring "Kighohea" {rC+ rCorr Int+6 SInv
                  | Stlth+}
 52522 | Trove    | Identified the ring "Kenotol" {EV+5 Dex+3}
 52530 | Trove    | Identified the amulet of Seuthrire {Faith rC+ Str+2}
 52534 | Trove    | Identified the ring of Davveu {rC+ Str+3 Dex+6}
 52651 | Vaults:1 | XOM: give mutations
 52651 | Vaults:1 | Gained mutation: You have hidden genetic potential. [Xom's
                  | grace]
 52651 | Vaults:1 | Gained mutation: Your spells are much harder to cast, but
                  | much more powerful. [Xom's grace]
 52651 | Vaults:1 | Gained mutation: You are completely covered in iridescent
                  | scales. (AC +6) [Xom's grace]
 52788 | Depths:2 | XOM: divination: magic mapping
 52902 | Depths:3 | Noticed Margery
 52902 | Depths:3 | XOM: 3-stop teleportation journey
 52936 | Depths:3 | XOM: summons friendly shadow imp
 52946 | Depths:3 | Killed Margery
 52949 | Depths:3 | XOM: divination: detect items
 52975 | Depths:3 | XOM: divination: detect creatures
 52976 | Depths:3 | XOM: summons 7 hostile demons
 52984 | Depths:3 | XOM: summons 3 friendly demons
 53031 | Depths:3 | XOM: polymorph deep troll -> glowing orange brain
 53109 | Depths:3 | XOM: divine lightning
 53217 | Depths:3 | Found a hide-covered altar of Uskayaw.
 53288 | Depths:3 | Found a one-way gateway to a ziggurat.
 53294 | Depths:3 | XOM: enchant monster (good)
 53295 | Depths:3 | XOM: fog
 53505 | Depths:3 | Reached XP level 27. HP: 253/253 MP: 0/0
 53505 | Depths:3 | Learned a level 9 spell: Dragon's Call
 53564 | Depths:3 | XOM: scenery: create altars
 53614 | Depths:3 | Noticed a juggernaut
 53626 | Depths:3 | Killed a juggernaut
 53722 | Depths:3 | Noticed a juggernaut
 53722 | Depths:3 | XOM: noise
 53730 | Depths:3 | Killed a juggernaut
 53773 | Depths:3 | Identified the ring "Ishreqeyw" {Ice rPois Str-2 Int+5}
 53831 | Depths:4 | Entered Level 4 of the Depths
 53863 | Depths:4 | XOM: potion effect (might)
 53876 | Depths:4 | XOM: divination: magic mapping
 54051 | Depths:4 | Noticed Frederick
 54051 | Depths:4 | XOM: potion effect (might)
 54060 | Depths:4 | Killed Frederick
 54095 | Depths:4 | XOM: potion effect (brilliance)
 54123 | Depths:4 | Found a gate to the Realm of Zot.
 54125 | Depths:4 | XOM: potion effect (attraction)
 54224 | Depths:4 | XOM: noise
 54480 | Depths:4 | XOM: summons 3 friendly demons
 54511 | Depths:4 | XOM: cloud trail
 54660 | Depths:4 | XOM: divination: detect items
 54664 | Depths:4 | XOM: cast spell 'Cause Fear'
 54690 | Depths:4 | Found a shadowy altar of Dithmenos.
 54698 | Depths:4 | XOM: confuse monster(s)
 54714 | Depths:4 | XOM: divination: magic mapping
 54729 | Depths:4 | Gained mutation: Your natural rate of healing is unusually
                  | fast. [hidden potential]
 54798 | Depths:4 | XOM: noise
 54866 | Depths:4 | Noticed a juggernaut
 54879 | Depths:4 | Killed a juggernaut
 55132 | Zot:1    | Entered Level 1 of the Realm of Zot
 55166 | Zot:1    | XOM: noise
 55294 | Zot:1    | XOM: confuse monster(s)
 55301 | Zot:1    | XOM: divination: magic mapping
 55312 | Zot:1    | XOM: silly message
 55644 | Zot:1    | XOM: summons 2 friendly demons
 55680 | Zot:1    | XOM: 1-stop teleportation journey
 55985 | Zot:2    | XOM: potion effect (might)
 56084 | Zot:2    | XOM: scenery: 1 doors open, 1 doors close
 56108 | Zot:2    | XOM: cast spell 'Cause Fear'
 56149 | Zot:2    | XOM: divination: magic mapping
 56267 | Zot:2    | Noticed a Killer Klown
 56271 | Zot:2    | XOM: confuse monster(s)
 56314 | Zot:2    | Killed a Killer Klown
 56374 | Zot:2    | XOM: cast spell 'Summon Small Mammal'
 56377 | Zot:2    | XOM: polymorph rat -> river rat
 56399 | Zot:2    | XOM: blink monster(s)
 56549 | Zot:2    | XOM: chaos upgrade
 56568 | Zot:2    | XOM: cast spell 'Metabolic Englaciation'
 56608 | Zot:2    | Noticed an orb of fire
 56615 | Zot:2    | Lost mutation: Your natural rate of healing is unusually
                  | fast. [an orb of fire]
 56617 | Zot:2    | Killed an orb of fire
 56810 | Zot:2    | XOM: scenery: 3 doors close
 56846 | Zot:2    | XOM: cloud trail
 57148 | Zot:3    | XOM: chaos upgrade
 57218 | Zot:3    | XOM: give mutation
 57218 | Zot:3    | Lost mutation: Your muscles are strong. (Str +4, Int/Dex
                  | -1) [Xom's mischief]
 57288 | Zot:3    | XOM: silly message
 57347 | Zot:3    | XOM: divination: detect creatures
 57393 | Zot:3    | XOM: god gift: +5 ring of evasion
 57750 | Zot:3    | XOM: destruction
 57795 | Zot:3    | XOM: god gift: scroll of acquirement
 57796 | Zot:3    | Identified the "Xenis" (You acquired it on level 3 of the
                  | Realm of Zot)
 57796 | Zot:3    | Acquired 892 gold pieces
 57829 | Zot:3    | XOM: 3-stop teleportation journey
 57938 | Zot:3    | XOM: swap monsters
 58036 | Zot:4    | Gained mutation: A frigid envelope surrounds you and
                  | freezes all who hurt you. [hidden potential]
 58036 | Zot:4    | Lost mutation: You have hidden genetic potential. [hidden
                  | potential expressed]
 58152 | Zot:4    | XOM: noise
 58175 | Zot:4    | XOM: confusion
 58183 | Zot:4    | XOM: enchant monster (good)
 58184 | Zot:4    | XOM: destruction
 58186 | Zot:4    | XOM: destruction
 58191 | Zot:4    | XOM: swap monsters
 58927 | Depths:4 | XOM: stat loss: -1 Str (17/18)
 58962 | Hell     | XOM: silly message
 58990 | Hell     | Found a gateway to the ashen valley of Gehenna.
 59059 | Hell     | Found a gateway to the Iron City of Dis.
 59110 | Hell     | XOM: give mutation
 59110 | Hell     | Lost mutation: You are completely covered in iridescent
                  | scales. (AC +6) [Xom's mischief]
 59204 | Hell     | XOM: noise
 59209 | Hell     | Found a gateway to the freezing wastes of Cocytus.
 59218 | Hell     | XOM: cast spell 'Leda's Liquefaction'
 59269 | Hell     | XOM: confuse monster(s)
 59366 | Hell     | XOM: potion effect (attraction)
 59395 | Hell     | XOM: noise
 59466 | Hell     | XOM: silly message
 59510 | Hell     | Found a gateway to the decaying netherworld of Tartarus.
 59656 | Coc:1    | Entered Level 1 of Cocytus
 59659 | Coc:1    | XOM: potion effect (haste)
 59666 | Coc:1    | Reached skill level 15 in Air Magic
 59769 | Coc:1    | XOM: smoke on damage
 60008 | Coc:2    | XOM: cast spell 'Olgreb's Toxic Radiance'
 60179 | Coc:3    | XOM: confuse monster(s)
 60197 | Coc:3    | XOM: cast spell 'Metabolic Englaciation'
 60210 | Coc:3    | XOM: 1-stop teleportation journey
 60278 | Coc:3    | XOM: divine lightning
 60279 | Coc:3    | Identified the amulet of Lies {Acrobat -Cast Will+ Str+2}
                  | (Xom gifted it to you on level 3 of Cocytus)
 60279 | Coc:3    | XOM: god gift: amulet of Lies {Acrobat -Cast Will+ Str+2}
 60319 | Coc:3    | XOM: scenery: create altars
 60514 | Coc:4    | XOM: potion effect (attraction)
 60525 | Coc:4    | XOM: polymorph Ice Fiend -> Brimstone Fiend
 60533 | Coc:4    | XOM: destruction
 60599 | Coc:4    | XOM: summons friendly ufetubus
 60599 | Coc:4    | Paralysed by a wendigo for 1 turns
 60614 | Coc:4    | XOM: destruction
 60637 | Coc:4    | XOM: enchant monster (good)
 60639 | Coc:4    | XOM: potion effect (might)
 60639 | Coc:4    | Paralysed by a wendigo for 1 turns
 60643 | Coc:4    | Paralysed by a wendigo for 1 turns
 60797 | Coc:4    | XOM: cast spell 'Leda's Liquefaction'
 60802 | Coc:4    | XOM: noise
 60834 | Coc:5    | Noticed a shard shrike
 60834 | Coc:5    | Noticed a shard shrike
 60834 | Coc:5    | Noticed a shard shrike
 60834 | Coc:5    | Noticed a shard shrike
 60843 | Coc:5    | Killed a shard shrike
 60845 | Coc:5    | Paralysed by a wendigo for 1 turns
 60846 | Coc:5    | XOM: noise
 60861 | Hell     | Killed a shard shrike
 60864 | Hell     | XOM: enchant monster (good)
 60961 | Coc:5    | XOM: enchant monster (good)
 60962 | Coc:5    | Killed a shard shrike
 60972 | Coc:5    | Killed a shard shrike
 60997 | Coc:5    | XOM: summons friendly iron imp
 61378 | Coc:6    | XOM: divination: magic mapping
 61388 | Coc:6    | XOM: silly message
 61439 | Coc:6    | XOM: scenery: summon butterflies
 61503 | Coc:6    | XOM: god gift: scimitar {god gift}
 61537 | Coc:7    | Identified the of Faos
 61537 | Coc:7    | Identified the "Fuxkuet"
 61537 | Coc:7    | Entered Level 7 of Cocytus
 61558 | Coc:7    | XOM: divine lightning
 61568 | Coc:7    | XOM: confuse monster(s)
 61647 | Coc:7    | XOM: enchant monster (good)
 61647 | Coc:7    | Paralysed by a wendigo for 1 turns
 61648 | Coc:7    | XOM: enchant monster (good)
 61659 | Coc:7    | Reached skill level 15 in Spellcasting
 61659 | Coc:7    | Reached skill level 15 in Conjurations
 61659 | Coc:7    | Reached skill level 15 in Hexes
 61659 | Coc:7    | Reached skill level 15 in Summonings
 61659 | Coc:7    | Reached skill level 15 in Necromancy
 61659 | Coc:7    | Reached skill level 15 in Translocations
 61659 | Coc:7    | Reached skill level 15 in Transmutations
 61659 | Coc:7    | Reached skill level 15 in Fire Magic
 61659 | Coc:7    | Reached skill level 15 in Ice Magic
 61659 | Coc:7    | Reached skill level 15 in Earth Magic
 61659 | Coc:7    | Reached skill level 15 in Poison Magic
 61669 | Coc:7    | XOM: enchant monster (good)
 61671 | Coc:7    | XOM: blink monster(s)
 61673 | Coc:7    | XOM: divination: magic mapping
 61679 | Coc:7    | XOM: divination: detect creatures
 61689 | Coc:7    | Paralysed by a wendigo for 1 turns
 61694 | Coc:7    | Paralysed by a wendigo for 1 turns
 61755 | Coc:7    | XOM: swap monsters
 61760 | Coc:7    | XOM: enchant monster (good)
 61761 | Coc:7    | Reached skill level 15 in Shields
 61794 | Coc:7    | Noticed a shard shrike
 61799 | Coc:7    | XOM: noise
 61806 | Coc:7    | XOM: confuse monster(s)
 61807 | Coc:7    | Killed a shard shrike
 61839 | Coc:7    | Noticed Antaeus
 61840 | Coc:7    | Noticed a shard shrike
 61846 | Coc:7    | XOM: potion effect (invisibility)
 61847 | Coc:7    | Killed a shard shrike
 61858 | Coc:7    | XOM: divination: detect items
 61863 | Coc:7    | Noticed a shard shrike
 61885 | Coc:7    | Killed a shard shrike
 61885 | Coc:7    | XOM: fake destruction
 61894 | Coc:7    | Identified the "Zeczid" (Xom gifted it to you on level 7
                  | of Cocytus)
 61894 | Coc:7    | XOM: god gift: Xom's Encyclopedia of Big Damage
 61906 | Coc:7    | Killed Antaeus
 61981 | Coc:7    | Identified the +8 short sword of Inconvenience {heavy, Fly
                  | Int+4 Dex-3 Stlth+}
 61986 | Coc:7    | Got an icy rune of Zot
 62019 | Coc:7    | XOM: enchant monster (good)
 62025 | Coc:7    | XOM: fog
 62028 | Coc:7    | XOM: summons friendly quasit
 62031 | Coc:7    | XOM: scenery: summon butterflies
 62038 | Coc:7    | XOM: cleaving
 62039 | Coc:7    | XOM: silly message
 62051 | Coc:7    | Paralysed by a wendigo for 1 turns
 62105 | Coc:7    | XOM: confusion
 62110 | Coc:7    | XOM: cleaving
 62187 | Coc:7    | XOM: cast spell 'Summon Small Mammal'
 62217 | Coc:7    | XOM: summons friendly white imp
 62241 | Coc:7    | Noticed a shard shrike
 62257 | Coc:7    | Killed a shard shrike
 62258 | Coc:7    | XOM: blink monster(s)
 62330 | Coc:7    | Noticed a shard shrike
 62355 | Coc:7    | Killed a shard shrike
 62434 | Coc:7    | XOM: summons 4 hostile demons
 62443 | Coc:7    | XOM: polymorph white imp -> iron imp
 62983 | D:9      | XOM: summons 6 hostile demons
 63106 | Slime:1  | Entered Level 1 of the Pits of Slime
 63259 | Slime:4  | XOM: cloud trail
 63376 | Slime:5  | Entered Level 5 of the Pits of Slime
 63376 | Slime:5  | XOM: potion effect (attraction)
 63436 | Slime:5  | Noticed the Royal Jelly
 63470 | Slime:5  | XOM: summons friendly iron imp
 63471 | Slime:5  | XOM: enchant monster (good)
 63489 | Slime:5  | XOM: summons friendly iron imp
 63496 | Slime:5  | XOM: enchant monster (good)
 63506 | Slime:5  | XOM: destruction
 63523 | Slime:5  | Killed the Royal Jelly
 63575 | Slime:5  | Found the +8 demon trident "Rift" {distort, reach+}
 63584 | Slime:5  | Got a slimy rune of Zot
 63585 | Slime:5  | Identified the amulet of Niallexa {Fragile rElec rN++
                  | Regen+ Int+3}
 63732 | Slime:5  | Identified the +3 spear "Ryofroc" {holy, Int+3}
 63744 | Slime:5  | Identified the +1 leather armour of Dawn {rC- Regen+ rCorr
                  | Dex+5}
 63771 | Slime:5  | Identified the staff of Lust {rF+ Will+ Fire}
 63812 | Slime:5  | Identified the +5 mace "Djinni's Doom" {elec, rElec Will+
                  | Int+4}
 63813 | Slime:5  | Identified the staff of Idejewir {Will+ Str+2 Int+4 Earth}
 63818 | Slime:5  | Identified the +0 robe of Jateomp {rPois}
 63872 | Slime:5  | XOM: fog
 63916 | Slime:5  | XOM: summons 1 hostile demon
 64372 | Lair:3   | XOM: cloud trail
 64484 | D:12     | XOM: divination: detect items
 64649 | Tar:1    | Entered Level 1 of Tartarus
 64650 | Tar:1    | XOM: noise
 64845 | Tar:2    | XOM: silly message
 64865 | Tar:2    | XOM: polymorph doom hound -> hellephant
 64937 | Tar:2    | XOM: noise
 65007 | Tar:3    | XOM: silly message
 65013 | Tar:3    | XOM: confusion (+ monsters)
 65023 | Tar:3    | You are sucked into a shaft and drop 1 floor!
 65023 | Tar:4    | XOM: stealth player
 65124 | Tar:5    | XOM: scenery: 2 doors open, 1 doors close
 65163 | Tar:5    | Noticed an ancient lich
 65176 | Tar:5    | Killed an ancient lich
 65316 | Tar:5    | XOM: swap monsters
 65357 | Tar:5    | XOM: noise
 65681 | Tar:6    | XOM: butterfly on damage
 65695 | Tar:6    | XOM: confusion
 65725 | Tar:6    | XOM: summons 13 hostile demons
 65783 | Tar:6    | XOM: stat loss: -1 Str (17/18)
 65886 | Tar:7    | Entered Level 7 of Tartarus
 65908 | Tar:7    | XOM: summons friendly white imp
 66026 | Tar:7    | XOM: summons 3 hostile shadow creatures
 66030 | Tar:7    | XOM: summons 3 friendly demons
 66087 | Tar:7    | XOM: potion effect (might)
 66124 | Tar:7    | XOM: potion effect (brilliance)
 66241 | Tar:7    | XOM: potion effect (haste)
 66245 | Tar:7    | XOM: blink monster(s)
 66249 | Tar:7    | XOM: cleaving
 66279 | Tar:7    | XOM: divination: detect items
 66341 | Tar:7    | XOM: destruction
 66343 | Tar:7    | XOM: polymorph doom hound -> hellephant
 66347 | Tar:7    | XOM: summons 8 friendly demons
 66386 | Tar:7    | XOM: swap monsters
 66433 | Tar:7    | Noticed an ancient lich
 66434 | Tar:7    | Noticed an ancient lich
 66435 | Tar:7    | XOM: fog
 66445 | Tar:7    | Killed an ancient lich
 66450 | Tar:7    | Killed an ancient lich
 66472 | Tar:7    | Identified the ring of Mowkifarph {Fly rElec Will++ Str+3
                  | Stlth+}
 66500 | Tar:7    | XOM: divination: detect items
 66506 | Tar:7    | XOM: scenery: 2 doors open, 2 doors close
 66512 | Tar:7    | XOM: 1-stop teleportation journey
 66519 | Tar:7    | XOM: stat loss: -1 Int (12/13)
 66519 | Tar:7    | Noticed Ereshkigal
 66524 | Tar:7    | XOM: swap monsters
 66548 | Tar:7    | XOM: polymorph Ereshkigal -> Ereshkigal
 66551 | Tar:7    | Killed Ereshkigal
 66668 | Tar:7    | XOM: swap monsters
 66705 | Tar:7    | XOM: confusion
 66838 | Tar:7    | XOM: silly message
 66883 | Tar:7    | XOM: 3-stop teleportation journey
 66918 | Tar:7    | XOM: blink monster(s)
 66942 | Tar:7    | XOM: confuse monster(s)
 66982 | Tar:7    | XOM: potion effect (invisibility)
 67158 | Tar:7    | XOM: noise
 67161 | Tar:7    | XOM: divination: detect creatures
 67173 | Tar:7    | Noticed an ancient lich
 67200 | Tar:7    | Killed an ancient lich
 67321 | Tar:7    | Noticed an ancient lich
 67331 | Tar:7    | Killed an ancient lich
 67347 | Tar:7    | Identified the +4 dagger "Modio" {heavy, Fly rC- Will+}
 67348 | Tar:7    | Identified the +0 mace of Zaingac {heavy, rC+ rN+++ MP-9
                  | Dex+2}
 67348 | Tar:7    | XOM: divination: detect creatures
 67388 | Tar:7    | Got a bone rune of Zot
 67409 | Tar:7    | Found the ring of Shadows {Umbra +Inv Stlth+}
 67436 | Tar:7    | Identified the ring "Uquov Zio" {Fire rN+}
 67597 | Hell     | XOM: stat loss: -1 Dex (32/33)
 67676 | Dis:7    | Identified the "Oruhax"
 67676 | Pan      | Entered Pandemonium
 67707 | Pan      | Noticed Dymukh the pandemonium lord
 67713 | Pan      | XOM: polymorph ynoxinul -> smoke demon
 67714 | Pan      | XOM: fog
 67727 | Pan      | XOM: polymorph Tzitzimitl -> Ice Fiend
 67731 | Pan      | Killed Dymukh the pandemonium lord
 67778 | Pan      | XOM: 3-stop teleportation journey
 67789 | Pan      | Noticed Fuegy the pandemonium lord
 67792 | Pan      | XOM: confusion
 67804 | Abyss:4  | Cast into level 4 of the Abyss (Fuegy)
 67804 | Pan      | Escaped the Abyss
 67804 | Pan      | XOM: revert banishment
 67810 | Pan      | Killed Fuegy the pandemonium lord
 67824 | Pan      | Got a demonic rune of Zot
 67833 | Pan      | XOM: potion effect (invisibility)
 67860 | Pan      | Identified the ring "Pagiazxa" {rC++ MP+9}
 67919 | Pan      | Identified the +3 flail of Discomfort {protect, *Noise
                  | Dex+5}
 68116 | Pan      | Found a white marble altar of Elyvilon.
 68116 | Pan      | XOM: 7-stop teleportation journey
 68135 | Pan      | XOM: scenery: create altars
 68253 | Pan      | XOM: noise
 68287 | Pan      | XOM: 3-stop teleportation journey
 68296 | Pan      | XOM: stat loss: -1 Int (12/13)
 68306 | Pan      | Noticed a seraph
 68317 | Pan      | Identified the +5 sling of Exquisite Death {heavy, Contam
                  | rC+ Int+2 Dex+7}
 68317 | Pan      | Identified the +2 plate armour "Bisiz" {Dex+3}
 68323 | Pan      | Killed a seraph
 68342 | Pan      | XOM: confuse monster(s)
 68377 | Pan      | Found a glowing golden altar of the Shining One.
 68393 | Pan      | XOM: summons friendly crimson imp
 68442 | Pan      | Identified the +1 ice dragon scales "Koimm" {rF- rC++ rN++
                  | Will- Str+3}
 68449 | Pan      | Identified the +5 whip of Discomfort {flame, Int+3}
 68467 | Depths:4 | Escaped Pandemonium
 68469 | Pan      | Entered the realm of Gloorx Vloq.
 68469 | Pan      | Entered Pandemonium
 68478 | Pan      | XOM: god gift: box of beasts
 68496 | Pan      | XOM: cast spell 'Call Canine Familiar'
 68532 | Pan      | Noticed Gloorx Vloq
 68532 | Pan      | XOM: cleaving
 68533 | Pan      | XOM: polymorph Gloorx Vloq -> Gloorx Vloq
 68536 | Pan      | XOM: fake destruction
 68542 | Pan      | XOM: polymorph Gloorx Vloq -> Gloorx Vloq
 68542 | Pan      | Killed Gloorx Vloq
 68559 | Pan      | XOM: cleaving
 68574 | Pan      | Got a dark rune of Zot
 68613 | Pan      | XOM: fog
 68675 | Pan      | XOM: potion effect (invisibility)
 68802 | Pan      | Found an exit through the horrors of the Abyss.
 68805 | Pan      | XOM: cleaving
 68807 | Pan      | XOM: 1-stop teleportation journey
 68935 | Pan      | XOM: scenery: 1 doors close
 68953 | Pan      | XOM: god gift: scarf of harm
 69020 | Pan      | XOM: stat loss: -1 Int (12/13)
 69089 | Pan      | XOM: polymorph lorocyproca -> balrug
 69326 | Pan      | XOM: god gift: staff of fire
 69337 | Pan      | XOM: cloud trail
 69355 | Pan      | XOM: silly message
 69566 | Pan      | Noticed Echacw the pandemonium lord
 69581 | Pan      | Killed Echacw the pandemonium lord
 69697 | Pan      | XOM: silly message
 69769 | Pan      | Found an exit through the horrors of the Abyss.
 69819 | Pan      | XOM: confuse monster(s)
 69908 | Pan      | XOM: god gift: +4 scimitar of protection
 69928 | Pan      | Noticed Nodghunou the pandemonium lord
 69948 | Pan      | XOM: cast spell 'Summon Mana Viper'
 69953 | Pan      | XOM: enchant monster (bad)
 69960 | Pan      | XOM: confuse monster(s)
 69963 | Pan      | Killed Nodghunou the pandemonium lord
 69975 | Pan      | XOM: divination: detect items
 70037 | Pan      | XOM: 7-stop teleportation journey
 70075 | Pan      | XOM: confusion (+ monsters)
 70102 | Pan      | XOM: polymorph green death -> balrug
 70138 | Pan      | Entered the realm of Mnoleg.
 70177 | Pan      | XOM: noise
 70177 | Pan      | Noticed Ignacio
 70189 | Pan      | Killed Ignacio
 70198 | Pan      | XOM: blink monster(s)
 70232 | Pan      | XOM: confuse monster(s)
 70271 | Pan      | XOM: summons 10 friendly demons
 70272 | Pan      | XOM: 3-stop teleportation journey
 70543 | Pan      | XOM: 1-stop teleportation journey
 70687 | Pan      | Noticed Mnoleg
 70691 | Pan      | XOM: enchant monster (good)
 70699 | Pan      | XOM: 2-stop teleportation journey
 70707 | Pan      | XOM: god gift: potion of enlightenment
 70858 | Pan      | XOM: enchant monster (bad)
 70867 | Pan      | XOM: confuse monster(s)
 70878 | Pan      | XOM: divine lightning
 70883 | Pan      | Killed Mnoleg
 70920 | Pan      | Got a glowing rune of Zot
 70984 | Pan      | XOM: god gift: 36 gold pieces
 71013 | Pan      | XOM: summons friendly white imp
 71026 | Pan      | Identified the of Jiefuurr
 71026 | Pan      | Entered the realm of Cerebov.
 71056 | Pan      | XOM: cloud trail
 71082 | Pan      | XOM: noise
 71087 | Pan      | XOM: polymorph sun demon -> soul eater
 71096 | Pan      | XOM: confusion
 71098 | Pan      | XOM: noise
 71316 | Pan      | XOM: 2-stop teleportation journey
 71395 | Pan      | XOM: summons 1 hostile demon
 71397 | Pan      | XOM: summons 14 hostile demons
 71494 | Pan      | XOM: chaos cloud
 71538 | Pan      | XOM: summons 1 hostile demon
 71627 | Pan      | XOM: polymorph balrug -> lorocyproca
 71760 | Pan      | XOM: enchant monster (bad)
 71841 | Pan      | Identified the ring "Ducweih" {rC+ Will+ Str+4 Slay+3}
 71943 | Pan      | Found the +6 sword of Cerebov {flame}
 71943 | Pan      | Noticed Cerebov
 71957 | Pan      | XOM: noise
 71958 | Pan      | XOM: cast spell 'Summon Cactus Giant'
 71978 | Pan      | XOM: smoke on damage
 71979 | Pan      | Killed Cerebov
 72178 | Pan      | Identified the amulet "Luown" {Reflect Rampage Str+7 SH+5}
 72195 | Pan      | Identified the +4 battleaxe of Efani {antimagic, Fly Str+3
                  | Dex+4 Stlth+}
 72257 | Pan      | XOM: potion effect (brilliance)
 72259 | Pan      | XOM: summons friendly crimson imp
 72268 | Pan      | Got a fiery rune of Zot
 72393 | Pan      | Identified the ring of Ypsaf {Fire rElec}
 72421 | Pan      | Identified the +5 ring mail "Silarar" {Drain Fly rN++
                  | Int-5}
 72492 | Pan      | Identified the "Ricimn"
 72492 | Pan      | Identified the "Tevas"
 72492 | Pan      | Entered the realm of Lom Lobon.
 72542 | Pan      | XOM: 1-stop teleportation journey
 72578 | Pan      | XOM: divination: detect creatures
 72584 | Pan      | XOM: noise
 72593 | Pan      | XOM: blink monster(s)
 72594 | Pan      | XOM: destruction
 72642 | Pan      | Noticed Lom Lobon
 72643 | Pan      | XOM: swap monsters
 72689 | Pan      | XOM: 1-stop teleportation journey
 72693 | Pan      | XOM: cast spell 'Summon Horrible Things'
 72731 | Pan      | XOM: noise
 72735 | Pan      | XOM: noise
 72737 | Pan      | XOM: fog
 72835 | Pan      | Banished Lom Lobon
 72851 | Pan      | Got a magical rune of Zot
 72904 | Pan      | XOM: confuse monster(s)
 72962 | Pan      | XOM: potion effect (invisibility)
 73091 | Pan      | Found an exit through the horrors of the Abyss.
 73306 | Pan      | XOM: smoke on damage
 73324 | Pan      | Took an exit into the Abyss.
 73324 | Abyss:4  | Escaped into the Abyss
 73370 | Abyss:4  | XOM: divination: detect creatures
 73383 | Abyss:4  | XOM: confuse monster(s)
 73405 | Abyss:4  | Got an abyssal rune of Zot
 73447 | Abyss:4  | XOM: noise
 73481 | Abyss:4  | XOM: divination: detect items
 73507 | Abyss:4  | Found a transporter.
 73528 | Abyss:4  | Found a transporter.
 73550 | Abyss:4  | XOM: swap monsters
 73561 | Abyss:4  | XOM: god gift: 928 gold pieces
 73641 | Abyss:4  | Found a corrupted altar of Lugonu.
 73657 | Abyss:4  | XOM: stat loss: -1 Dex (31/33)
 73698 | Abyss:4  | XOM: summons 7 hostile demons
 73705 | Depths:4 | Escaped the Abyss
 73706 | Depths:4 | Upgraded the game from 0.31-a0-963-ga325b2283a to
                  | 0.31-a0-965-g8a8ce12e04
 73761 | Geh:1    | Entered Level 1 of Gehenna
 73777 | Geh:1    | XOM: scenery: create altars
 73791 | Geh:1    | XOM: polymorph hell hog -> rakshasa
 73801 | Geh:1    | XOM: summons 3 hostile demons
 73817 | Geh:1    | XOM: noise
 73820 | Geh:1    | HP: 9/254 [salamander tyrant (4)]
 73821 | Geh:1    | HP: 1/254 [hell hog (5)]
 73827 | Geh:1    | HP: 4/255 [hell hog/fireball (1)]
 73828 | Geh:1    | Killed from afar by a salamander tyrant

Illustrated notes

Levels and vault maps discovered:
D:1:      minmay_arrival_open_corners, layout_rooms,
          chequers_ecumenical_altar_island, chequers_hall_statues_corner_a,
          nicolae_grassy_gnolls
D:2:      layout_basic
D:3:      layout_loops_ring, portal_sewer_entry_f, serial_shops, shop_fountains,
          chequers_garden
D:4:      nicolae_cairo_tiling, layout_basic,
          minmay_temple_entry_statues_fountains
D:5:      layout_basic, serial_shops, nicolae_shop_statue_plus, serial_curves,
          eino_curves_04, eino_curves_01, nicolae_shop_unique_rings,
          minmay_between
D:6:      cheibrodos_steamvent, layout_basic,
          mainiacjoe_overflow_concentric_impassable
D:7:      layout_basic, minmay_fractal_squares_gapless_5
D:8:      layout_cave_pools, serial_shops, shop, shop_fountains
D:9:      layout_layer_cave, mainiacjoe_overflow_alcove_2, okawaru_gym_becter,
          minitemple, grunt_lair_entry_orc_guard_hut
D:10:     layout_stronghold, uniq_fannar
D:11:     layout_basic
D:12:     layout_basic, erik_orc_3, abandoned_shop, uniq_psyche
D:13:     layout_basic, ximxim_vaults_locker_room, uniq_nessos
D:14:     layout_big_octagon, minmay_misc_feat_pillars, nicolae_tricolors,
          uniq_frances
D:15:     hangedman_depths_entry_try_elsewhere_first, layout_cave_pods,
          nicolae_concentric_dashed_squares_mild, gauntlet_entry_generic
Lair:1:   beast_lair_carwin_large_3, layout_regular_city, uniq_gastronok
Lair:2:   layout_chaotic_city, palyth_hydra_swamp_entry, uniq_sonja
Lair:3:   nzn_winding_woodlands_medium [nzn_winding_woodlands_5x5_checkerboard,
          nzn_winding_woodlands_5x15_default, nzn_winding_woodlands_hourglass,
          nzn_winding_woodlands_5x5_perimeter,
          nzn_winding_woodlands_center_diamonds,
          nzn_winding_woodlands_5x5_cross,
          nzn_winding_woodlands_5x5_closed_star,
          nzn_winding_woodlands_5x15_crooked,
          nzn_winding_woodlands_5x5_default], layout_regular_city,
          spider_nest_entry_rubble, beast_lair_carwin_9, uniq_snorg, uniq_urug,
          uniq_rupert, uniq_josephine
Lair:4:   lemuel_slime, layout_layer_cave, grunt_forest_small_clearing_treed,
          lemuel_fruit_tree, lemuel_fruit_fields, infiniplex_staircase_pool
Lair:5:   wormcave, layout_cellular_growth, dpeg_slime_entry_corner,
          nicolae_lair_lil_pond
Swamp:1:  layout_basic_swamp, gammafunk_ghost_hydra_chop,
          nicolae_swamp_little_swirl
Swamp:2:  nicolae_swamp_tree_isthmus, layout_falls_marsh,
          nicolae_swamp_little_tower, uniq_nikola
Swamp:3:  layout_basic_swamp, evilmike_swamp_ruin_rubble_1
Swamp:4:  swamp_old_school, layout_basic_swamp
Spider:1: nicolae_spider_hilbert_zone_2 [nicolae_spider_hilbert_4_sides_1_open,
          nicolae_spider_hilbert_4_sides_1_open,
          nicolae_spider_hilbert_4_sides_1_open,
          nicolae_spider_hilbert_4_sides_1_open,
          nicolae_spider_hilbert_6_sides_1_open,
          nicolae_spider_hilbert_6_sides_1_open,
          nicolae_spider_hilbert_3_sides_1_open,
          nicolae_spider_hilbert_3_sides_1_open,
          nicolae_spider_hilbert_3_sides_1_open,
          nicolae_spider_hilbert_3_sides_1_open,
          nicolae_spider_hilbert_6_sides_1_open,
          nicolae_spider_hilbert_6_sides_1_open,
          nicolae_spider_hilbert_6_sides_1_open,
          nicolae_spider_hilbert_6_sides_1_open], uniq_roxanne, uniq_asterion
Spider:2: layout_spider_delve, nicolae_spider_nook
Spider:3: layout_spider_delve, uniq_aizul, uniq_kirke, uniq_arachne
Spider:4: hellmonk_spider_rune_endless_swarm, drop_trap
Slime:1:  layout_caves
Slime:2:  layout_caves
Slime:3:  layout_caves
Slime:4:  nicolae_slime_spelunking
Slime:5:  slime_pit_nicolae_trefoil
Orc:1:    layout_diamond_mine
Orc:2:    st_orc_elflike, layout_diamond_mine, serial_shops,
          nicolae_shop_hallway_stairs, shop
Elf:1:    nicolae_elf_arrival_no_cutting_in_line, layout_gridlike,
          portal_desolation_entry_nicolae_slug, serial_shops, shop, basic_altar,
          evilmike_minifort, nicolae_elf_glass_and_crystal_pillar_2,
          grunt_megastairs_4
Elf:2:    elven_hall_of_blades_hangedman_alternative [nicolae_blade_bullseye],
          layout_gridlike, gammafunk_ghost_grave
Elf:3:    minmay_elf_hall_curves, layout_geoelf_grid, serial_shops, shop,
          guppyfry_elf_garden
Vaults:1: nicolae_vaults_hexular_roomagon, v_misc_32, v_misc_5, v_misc_12,
          nicolae_vaults_storage_room_doors, nicolae_vaults_octothorpe,
          nicolae_vaults_surprise_closet, vaults_dpeg_cross,
          nicolae_vaults_circle_grid_a, nicolae_vaults_asterisk,
          nicolae_vaults_tetromino_Z_1, layout_vaults_chaotic_city,
          serial_shops, uniq_saint_roka
Vaults:2: v_alt_pattern_2, hangedman_vaults_hard_town_square,
          minmay_crypt_entry_simple_walls, nicolae_vaults_specimen_jars,
          vaults_dpeg_encased_lava, v_misc_16, vaults_room_hallway,
          nicolae_vaults_double_plus_3, nicolae_vaults_sesquioval_fish,
          nicolae_vaults_house_3, layout_vaults_ring, serial_shops, shop,
          nicolae_lakefront_shop, shop_coins
Vaults:3: vaults_room_glass_cross, nicolae_vaults_diagonal_hallway_7, v_rooms_6,
          hangedman_vaults_stretched_pinwheel, nicolae_vaults_little_squares_5,
          nicolae_vaults_angled_halls, vaults_room_pool,
          nicolae_vaults_bisected_slash, nicolae_vaults_closet_pinwheel_1,
          layout_vaults_omnigrid, nicolae_trove_entry_columns, uniq_sojobo,
          uniq_boris
Vaults:4: nicolae_vaults_trapezoid_1, nicolae_vaults_network_periphery,
          nicolae_vaults_tetromino_L_2, nicolae_vaults_three_branches,
          nicolae_vaults_meiosis, nicolae_vaults_mini_display_case,
          ontoclasm_vaults_misaligned, vaults_room_semicircle,
          nicolae_vaults_trapezoid_2, nicolae_vaults_yaktaur_gun_rack,
          v_pattern_4, st_greater_box_2, nicolae_vaults_storage_room_glass,
          nicolae_vaults_little_ls, nicolae_vaults_trapezoid_lopsided_3,
          layout_vaults_omnicross, serial_shops, freezing_bzr
Vaults:5: serial_shops
Crypt:1:  layout_misc_corridors
Crypt:2:  layout_chaotic_city, serial_sigils_hangedman_gnaw, grunt_megastairs_5
Crypt:3:  cryptofortress_bobbens
Depths:1: layout_gridlike, minmay_crystal_water, abyss_entry, hellmouth_2,
          serial_shops, nicolae_shop_bloodbath_and_beyond, wad_floor_pattern_2,
          chequers_big_river, onia_ninara_cookie, minmay_shop_star, uniq_norris
Depths:2: wad_arrow_thing, layout_basic, hell_entry,
          nicolae_abyss_entry_one_way_or_another, serial_rivers,
          chequers_serial_rivers_micro_d, chequers_serial_rivers_small_b,
          chequers_serial_rivers_room_a, chequers_serial_rivers_micro_a,
          chequers_serial_rivers_micro_a, rand_demon_pan_entry_9,
          infiniplex_staircase_zigzag_5
Depths:3: minmay_tearing_corner, layout_cave_pools, enter_ziggurat_f,
          hangedman_abyss_entry_splay, chequers_serial_rivers_small_3,
          hangedman_tar_grid_catacomb, eino_tiny_chamber,
          nicolae_uskayaw_murder_on_the_dancefloor, uniq_margery
Depths:4: grunt_x_marks_the_spot, layout_honeycomb, hell_entry, pan_entry,
          abyss_entry_small_statue_room, nicolae_dithmenos_shadow_blocks,
          uniq_frederick
Hell
Geh:1:    layout_gehenna_pools_triple
Coc:1:    layout_cocytus_water_paths
Coc:2:    layout_ice_bergs
Coc:3:    layout_cocytus_water_paths
Coc:4:    layout_ice_bergs, nicolae_hells_hurtin_island
Coc:5:    layout_cocytus_water_paths, serial_ice
Coc:6:    layout_cocytus_delve
Coc:7:    coc_hangedman
Tar:1:    layout_cathedral_of_symmetry
Tar:2:    layout_catacombs
Tar:3:    layout_catacombs
Tar:4:    layout_cathedral_of_symmetry, nicolae_tar_cuneiform_heaven
Tar:5:    layout_honeycomb
Tar:6:    layout_grid_maze, nicolae_tar_cuneiform_two, nicolae_tar_combbox
Tar:7:    tar_grunt_cathedral
Zot:1:    layout_gridlike, uniq_josephina
Zot:2:    layout_gridlike, skrybe_zot_glass_3, grunt_ministairs_2,
          grunt_megastairs_1
Zot:3:    kennysheep_blocky_room, layout_onion_interference
Zot:4:    kennysheep_room_grid, layout_concentric_octagons

Skill      XL: |  1  2  3  4  5  6  7  8  9 10 11 12 13 14 15 16 17 18 19 20 21 22 23 24 25 26 27 |
---------------+----------------------------------------------------------------------------------+-----
Long Blades    | 3 4 5 6 7 9 10 11 12 13 14 15 16 17 18 22 | 22.1
Spellcasting   | 1 2 3 4 5 6 7 8 9 10 11 12 13 14 19 | 19.3
Conjurations   | 1 2 3 4 5 6 7 8 9 10 11 12 13 14 19 | 19.3
Hexes          | 1 2 3 4 5 6 7 8 9 10 11 12 13 14 19 | 19.3
Summonings     | 1 2 3 4 5 6 7 8 9 10 11 12 13 14 19 | 19.3
Necromancy     | 1 2 3 4 5 6 7 8 9 10 11 12 13 14 19 | 19.3
Translocations | 1 2 3 4 5 6 7 8 9 10 11 12 13 14 19 | 19.3
Transmutations | 1 2 3 4 5 6 7 8 9 10 11 12 13 14 19 | 19.3
Fire Magic     | 1 2 3 4 5 6 7 8 9 10 11 12 13 14 19 | 19.3
Ice Magic      | 1 2 3 4 5 6 7 8 9 10 11 12 13 14 19 | 19.3
Air Magic      | 1 2 3 4 5 6 7 8 9 10 11 12 13 14 23 | 23.2
Earth Magic    | 1 2 3 4 5 6 7 8 9 10 11 12 13 14 19 | 19.3
Poison Magic   | 1 2 3 4 5 6 7 8 9 10 11 12 13 14 21 | 21.4
Armour         | 2 3 4 5 6 7 8 9 10 11 12 13 14 15 16 23 | 23.5
Dodging        | 3 4 5 6 7 8 9 10 11 12 13 14 15 16 17 19 | 19.2
Fighting       | 4 5 6 7 8 9 10 11 12 13 14 15 16 21 | 21.0
Shields        | 2 5 7 9 10 11 12 13 14 19 | 19.4
Evocations     | 2 4 6 |  6.8
Shapeshifting  | 8 13 17 23 | 23.1

Action                     |  1- 3 |  4- 6 |  7- 9 | 10-12 | 13-15 | 16-18 | 19-21 | 22-24 | 25-27 || total
---------------------------+-------+-------+-------+-------+-------+-------+-------+-------+-------++-------
  Melee: Falchion          |    77 |   238 |   146 |       |       |       |       |       |       ||   461
         Punch             |     1 |     3 |     5 |     6 |    19 |       |       |       |       ||    34
         Double sword      |       |       |   152 |   389 |   916 |   999 |   970 |  1200 |  5969 || 10595
   Cast: Ensorcelled Hiber |       |       |     6 |     1 |     2 |     1 |       |       |       ||    10
         Ozocubu's Armour  |       |       |     2 |     9 |    12 |    11 |     8 |    11 |     6 ||    59
         Irradiate         |       |       |       |     2 |     2 |       |       |       |       ||     4
         Metabolic Englaci |       |       |       |       |     1 |       |       |       |       ||     1
         Ozocubu's Refrige |       |       |       |       |       |       |       |     7 |       ||     7
         Haunt             |       |       |       |       |       |       |       |     1 |       ||     1
         Malign Gateway    |       |       |       |       |       |       |       |       |     1 ||     1
  Evoke: Wand              |       |       |     4 |       |     5 |     7 |       |     2 |     7 ||    25
         Phial of floods   |       |       |       |       |       |       |       |       |     1 ||     1
    Use: Scroll            |       |     5 |     7 |     4 |    13 |    15 |     3 |    10 |    21 ||    78
         Potion            |       |       |       |     1 |     1 |     1 |       |     1 |     1 ||     5
   Stab: Sleeping          |       |     2 |     2 |     7 |    40 |    29 |    23 |    22 |     1 ||   126
         Petrified         |       |     3 |       |     4 |       |       |       |       |     2 ||     9
         Confused          |       |     1 |       |     1 |     9 |     1 |     6 |     4 |    41 ||    63
         Petrifying        |       |     1 |       |       |       |       |     3 |     1 |     4 ||     9
         Paralysed         |       |     1 |     8 |       |     2 |       |       |       |     5 ||    16
         Distracted        |       |       |     1 |     3 |     6 |     6 |     4 |     6 |    16 ||    42
         Fleeing           |       |       |       |       |     1 |       |       |       |       ||     1
         Invisible         |       |       |       |       |       |     8 |       |       |    15 ||    23
         Betrayed ally     |       |       |       |       |       |       |     1 |       |       ||     1
 Armour: Leather armour    |    49 |   133 |   152 |       |       |       |       |       |       ||   334
         Steam dragon scal |       |       |    54 |   227 |   483 |     3 |       |       |       ||   767
         Ring mail         |       |       |       |       |       |   780 |   415 |   362 |       ||  1557
         Chain mail        |       |       |       |       |       |       |       |    28 |  3359 ||  3387
  Dodge: Dodged            |    62 |   139 |   222 |   398 |  1157 |  1324 |   756 |   668 |  3391 ||  8117
  Block: Other             |       |       |    27 |    16 |       |       |       |       |       ||    43
         Tower shield      |       |       |       |       |    69 |  1657 |  1324 |  1366 |  7946 || 12362
   Form: Death             |       |       |       |       |       |       |       |       |     2 ||     2
                           |       |       |       |       |       |       |       |       |     1 ||     1

Table legend: (Time is in decaauts)
 A = Elapsed time spent in this place.
 B = Non-inter-level travel time spent in this place.
 C = Inter-level travel time spent in this place.
 D = Time resting spent in this place.
 E = Time spent auto-exploring this place.
 F = Levels seen in this place.
 G = Mean time per level.
                   A        B        C        D        E       F      G
               +--------+--------+--------+--------+--------+-----+--------+
         Total |  72974 |  67372 |   5602 |  10100 |  37947 |  88 |  829.2 |
       Dungeon |  21142 |  18943 |   2199 |   7547 |   8867 |  15 | 1409.5 |
          Lair |   5038 |   4333 |    705 |     20 |   3064 |   5 | 1007.6 |
         Swamp |   2940 |   2822 |    118 |    338 |   1768 |   4 |  735.0 |
   Spider Nest |   4265 |   4104 |    161 |    248 |   2579 |   4 | 1066.2 |
    Slime Pits |   1186 |   1089 |     97 |      0 |    612 |   5 |  237.2 |
  Orcish Mines |   1331 |   1210 |    121 |    215 |    618 |   2 |  665.5 |
   Elven Halls |   3310 |   3105 |    205 |    181 |   1876 |   3 | 1103.3 |
        Vaults |   8212 |   7403 |    809 |    414 |   4827 |   5 | 1642.4 |
         Crypt |   2693 |   2548 |    145 |     53 |   1731 |   3 |  897.7 |
        Depths |   5119 |   4656 |    463 |    201 |   2939 |   4 | 1279.8 |
          Hell |    917 |    764 |    153 |      6 |    349 |   1 |  917.0 |
       Gehenna |     65 |     65 |      0 |      0 |      5 |   1 |   65.0 |
       Cocytus |   2927 |   2781 |    146 |    173 |   1507 |   7 |  418.1 |
      Tartarus |   2773 |   2674 |     99 |    185 |   1368 |   7 |  396.1 |
           Zot |   3726 |   3553 |    173 |    141 |   2446 |   4 |  931.5 |
         Abyss |    352 |    352 |      0 |      0 |     57 |   2 |  176.0 |
   Pandemonium |   5449 |   5449 |      0 |    364 |   2576 |  11 |  495.4 |
        Bazaar |     58 |     58 |      0 |      0 |     37 |   1 |   58.0 |
         Trove |     58 |     58 |      0 |      0 |      7 |   1 |   58.0 |
         Sewer |    325 |    325 |      0 |      0 |    152 |   1 |  325.0 |
    Desolation |    738 |    738 |      0 |     14 |    415 |   1 |  738.0 |
      Gauntlet |    340 |    340 |      0 |      0 |    146 |   1 |  340.0 |
               +--------+--------+--------+--------+--------+-----+--------+

Top non-repeatable levels by time:
     D:1: 7558 daAuts
Vaults:4: 2147 daAuts
Vaults:3: 1699 daAuts
   Tar:7: 1582 daAuts
Vaults:1: 1566 daAuts
Vaults:5: 1506 daAuts
Depths:2: 1467 daAuts
Spider:1: 1411 daAuts
  Lair:3: 1402 daAuts
Depths:4: 1368 daAuts
     D:9: 1348 daAuts
Vaults:2: 1293 daAuts
   Elf:3: 1262 daAuts
Depths:1: 1240 daAuts
    D:12: 1226 daAuts
